 Dungeon Crawl Stone Soup version 0.31-a0-175-g9f7f995f2b (webtiles) character file.

Game seed: 6415302417991093876

398584 qw the Hoplite (level 23, -86/159 HPs)
             Began as a Gargoyle Fighter on June 16, 2023.
             Was a High Priest of Okawaru.
             Blown up by Boris (110 damage)
             ... with an orb of destruction
             ... on level 5 of the Vaults.
             The game lasted 00:33:01 (52300 turns).

qw the Hoplite (Gargoyle Fighter)                  Turns: 52300, Time: 00:33:02

Health: -86/159    AC: 56    Str: 36    XL:     23   Next: 25%
Magic:  26/27      EV: 18    Int: 13    God:    Okawaru [*****.]
Gold:   683        SH: 22    Dex:  8    Spells: 22/22 levels left

rFire   + . .        h - +5 broad axe (spect)
rCold   . . .        B - +0 tower shield
rNeg    + . .        I - +3 plate armour {Will+}
rPois   inf          D - +2 helmet
rElec   +            K - +0 cloak {Will+}
rCorr   .            u - +2 pair of gloves of Light {rF+}
SInv    .            y - +2 pair of boots
Will    +++..        m - amulet of faith Stlth
                     C - +6 ring of strength
HPRegen 0.46/turn    x - +5 ring of evasion
MPRegen 0.20/turn

%: faith
@: about to teleport, heroic, finesse-ful, flying
A: sickness immunity, AC +17, big wings, negative energy resistance 1,
electricity resistance, torment resistance 1, petrification resistance, clever
1, low MP 1, mutation resistance 1
}: 2/15 runes: serpentine, barnacled
a: Renounce Religion, Heroism, Finesse, Duel


You were on level 5 of the Vaults.
You worshipped Okawaru.
Okawaru was extremely pleased with you.
You visited 7 branches of the dungeon, and saw 39 of its levels.
You visited the Abyss 1 time.
You visited 2 bazaars.

You collected 4828 gold pieces.
You spent 4145 gold pieces at shops.


Innate Abilities, Weirdness & Mutations

You are immune to sickness and miasma.
Your stone body is resilient. (AC +17)
You are immune to poison.
Your large and strong wings let you fly.
You resist negative energy. (rN+)
You are resistant to electric shocks. (rElec)
You are resistant to unholy torment.
You are immune to petrification.
Your mind is acute. (Int +4, Str/Dex -1)
Your magical capacity is low. (-10% MP)
You are somewhat resistant to further mutation.


   Skills:
 + Level 20.9(25.9) Fighting
 - Level 18.0(23.0) Axes
 - Level 11.0(16.0) Throwing
 - Level 20.0(25.0) Armour
 - Level 9.0(14.0) Dodging
 - Level 21.0(26.0) Shields
 - Level 10.0 Invocations


You had 22 spell levels left.
You didn't know any spells.
Your spell library was empty.

Inventory:

Hand Weapons
 h - a +5 spectral broad axe (weapon)
 H - the +0 broad axe of Mayhem {elec, rF- rCorr MP+9}
   (Okawaru gifted it to you on level 2 of the Vaults)

   rF:        It makes you vulnerable to fire.
   MP:        It affects your magic capacity (+9).
   rCorr:     It protects you from acid and corrosion.
Missiles
 E - 8 boomerangs
 L - 4 silver javelins (quivered)
 M - 12 javelins
 P - 2 boomerangs of dispersal
Armour
 c - a +1 cloak of poison resistance
 g - the +3 ring mail "Jameafri" {rN+++ Will+ rCorr Dex+2}
   (Okawaru gifted it to you on level 5 of the Lair of Beasts)

   Dex:       It affects your dexterity (+2).
   rN:        It renders you almost immune to negative energy.
   rCorr:     It protects you from acid and corrosion.
   Will:      It increases your willpower.
 j - a scarf of resistance
 t - the +0 pair of gloves "Erirhaf" {rElec rC+ rCorr Dex-3}
   (Okawaru gifted it to you on level 3 of the Snake Pit)

   Dex:       It affects your dexterity (-3).
   rC:        It protects you from cold.
   rElec:     It insulates you from electricity.
   rCorr:     It protects you from acid and corrosion.
 u - the +2 pair of gloves of Light (worn) {rF+}
   (Okawaru gifted it to you on level 3 of the Depths)

   rF:        It protects you from fire.
 w - the +0 kite shield of Intercession {rCorr}
   (Okawaru gifted it to you on level 1 of the Vaults)

   rCorr:     It protects you from acid and corrosion.
 y - a +2 pair of boots (worn)
 B - a +0 tower shield (worn)
 D - a +2 helmet (worn)
 I - a +3 plate armour of willpower (worn)
 K - a +0 cloak of willpower (worn)
 N - the +0 cloak of Xuperroopp {Rampage *Corrode rC+ Dex+7}
   (You found it on level 4 of the Vaults)

   Dex:       It affects your dexterity (+7).
   rC:        It protects you from cold.
   *Corrode:  It may corrode you when you take damage.
   Rampage:   It bestows one free step when moving towards enemies.
 Q - +0 gold dragon scales
Jewellery
 m - an amulet of faith (around neck)
 p - the amulet of Qorchasuri {RegenMP Rampage Regen+}
   (You took it off a naga on level 2 of the Snake Pit)

   [amulet of magic regeneration]

   It increases your rate of magic regeneration.
   Regen:     It increases your rate of health regeneration.
   Rampage:   It bestows one free step when moving towards enemies.
 s - a ring of protection from cold
 x - a +5 ring of evasion (right hand)
 C - a +6 ring of strength (left hand)
 G - a ring of resist corrosion
 O - the ring "Erekumyo" {rC+ Will+ MP+9 Dex-5}
   (You found it on level 1 of the Depths)

   [ring of willpower]

   Dex:       It affects your dexterity (-5).
   rC:        It protects you from cold.
   MP:        It affects your magic capacity (+9).
   Will:      It increases your willpower.
 R - a ring of fire
 S - a ring of protection from fire
 Y - a ring of protection from cold
Wands
 o - a wand of digging (21)
Scrolls
 k - 28 scrolls of identify
 A - 2 scrolls of teleportation
Potions
 a - 2 potions of magic
 b - 6 potions of mutation
 d - 11 potions of might
 l - 2 potions of resistance
 q - 12 potions of curing
 z - 6 potions of haste
 F - 5 potions of lignification
 J - 2 potions of cancellation

Dungeon Overview and Level Annotations

Branches:
Dungeon (15/15)            Temple (0/1) D:4            Lair (5/5) D:9
 Shoals (4/4) Lair:3        Snake (4/4) Lair:3        Slime (0/5) Lair:5
    Orc (2/2) D:10            Elf (0/3) Orc:2        Vaults (5/5) D:14
  Crypt (0/3) Vaults:3     Depths (4/4) D:15            Zot (0/5) Depths:4

Altars:
Ashenzari
Dithmenos
Elyvilon
Fedhas
Gozag
Hepliaklqana
Okawaru
Qazlal
Xom
Yredelemnul
Jiyva

Shops:
D:4 [   Orc:2 ([*:   Shoals:3 !*[:   Shoals:4 ?   Snake:3 =   Depths:4 (:==

Portals:
Hell: Depths:1 Depths:2 Depths:3 Depths:4
Abyss: Depths:3 Depths:4
Pandemonium: Depths:2 Depths:3
Ziggurat: Depths:3
Trove: Depths:3 (give 18 potions of curing)

Annotations:
Lair:4 3 runed translucent doors, qw's ghost, journeyman NaHu
Shoals:2 exclusions: 2 fauns and satyr
Shoals:3 2 transporters
Shoals:4 exclusion: merfolk impaler
Snake:4 3 runed translucent doors, qw's ghost, adept GrHu
Vaults:1 2 transporters, Lianjan's ghost, adept GnWr
Vaults:3 exclusion: sphinx
Vaults:5 Boris
Depths:3 exclusion: 7 dread liches


Message History

Boris mumbles some strange words.
Boris flickers and vanishes!
Deactivating autopickup; reactivate with Ctrl-A.
You chop the stone giant into pieces!!!
You kill the stone giant!
Okawaru accepts your kill. The spark wasp barely misses you.
The quicksilver dragon breathes dispelling energy at you.
The bolt of dispelling energy misses you.
A tentacled monstrosity comes into view.
The frost giant points at you and mumbles some strange words.
The bolt of cold hits something!
The bolt of cold hits you!!!
52296 ||| READING 4 scrolls of teleportation.
As you read the scroll of teleportation, it crumbles to dust.
You feel strangely unstable. You block the spark wasp's attack. x2
You slice the spark wasp!!
The spark wasp is heavily wounded.
Your +5 spectral broad axe hits the spark wasp!
You block the spark wasp's attack.
You slash the spark wasp!
The spark wasp is severely wounded.
Your +5 spectral broad axe hits the spark wasp!!
You kill the spark wasp!
Okawaru accepts your kill.
Something conjures a glowing orb.
The quicksilver dragon breathes dispelling energy at you.
The bolt of dispelling energy hits you!
You feel strangely stable.
Your magical effects are unravelling.
You hear a shout! x3; You hear two shouts!
An orb of destruction comes into view.
52299 ||| READING 3 scrolls of teleportation.
As you read the scroll of teleportation, it crumbles to dust.
You feel strangely unstable.
Your +5 spectral broad axe disappears.
You are no longer corroded.
The orb of destruction hits you!!!!
Ouch! That really hurt!
You die...

###..#....###..
....#....#.[#
...........#
#####........#######
............X.......
.......)<<..(.......
.......<))<)).......
......))D<{0........
#####...))D@.#######
.......[.C..(......
...?..#....#........
####..#....#..####..
#..#....#....
#..#....#..... #.
#....#..###
#....#...


You could see a tentacled monstrosity, an iron dragon, a frost giant and a
quicksilver dragon (catching breath).

Vanquished Creatures
  A dread lich (Vaults:5)
  Boris (Depths:3)
  Margery (Vaults:2)
  A caustic shrike (Depths:3)
  3 golden dragons
  A bone dragon (Depths:4)
  A tentacled monstrosity (Vaults:5)
  2 liches
  A walking earthen tome (Depths:3)
  A titan (Vaults:3)
  A walking frostbound tome (Depths:1)
  3 sphinxes
  A tentacled starspawn (Abyss:2)
  Polyphemus (Shoals:4)
  Frances (D:12)
  Gastronok (D:12)
  Agnes (Snake:1)
  2 tengu reavers
  A revenant (Abyss:2)
  2 shadow dragons
  A kraken (Shoals:2)
  9 nagarajas
  2 storm dragons
  Donald (Shoals:3)
  Ilsuiw (Shoals:3)
  10 frost giants
  Aizul (Vaults:1)
  6 fire giants
  15 vault wardens
  2 iron dragons
  Louise (Snake:3)
  A draconian stormcaller (Depths:4)
  2 spriggan defenders (Depths:2)
  A draconian annihilator (Depths:4)
  8 ironbound preservers
  A reaper (Depths:1)
  4 orc warlords
  5 war gargoyles
  3 formless jellyfish
  13 very ugly things
  10 stone giants
  Nessos (Lair:3)
  A green draconian (Depths:4)
  8 ironbound thunderhulks
  A deep elf demonologist (Vaults:4)
  A spark wasp (shapeshifter) (Vaults:5)
  2 black draconians (Depths:4)
  Snorg (D:13)
  2 purple draconians (Depths:4)
  A spark wasp (Depths:3)
  A crystal guardian (Vaults:1)
  5 ettins
  13 merfolk impalers
  2 green deaths
  2 jiangshi (Depths:1)
  2 entropy weavers
  5 merfolk javelineers
  11 fire dragons
  3 rakshasas
  2 deep elf high priests
  3 great orbs of eyes
  15 yaktaur captains
  Harold (Orc:1)
  2 hydras
  3 peacekeepers
  28 vault guards
  2 merfolk avatars
  2 catoblepae
  5 ironbound frosthearts
  13 spriggan air magi
  11 ice dragons
  2 merfolk aquamancers (Shoals:4)
  5 boulder beetles
  13 centaur warriors
  3 alligator snapping turtles
  5 satyrs
  8 anacondas
  4 death yaks (Shoals:4)
  A death yak (shapeshifter) (Vaults:1)
  7 two-headed ogres
  4 tengu warriors
  7 deep troll shamans
  3 vampire magi
  10 deep troll earth magi
  9 naga warriors
  5 spriggan berserkers
  10 naga sharpshooters
  5 orc high priests
  2 soul eaters
  4 shock serpents
  3 spriggans
  10 hell knights
  Amaemon (D:8)
  A thrashing horror (Abyss:2)
  6 skysharks
  9 iron trolls
  2 wretched stars (Abyss:2)
  3 salamander mystics (Snake:4)
  3 skeletal warriors (D:15)
  16 sea snakes
  3 large abominations (Abyss:2)
  A death drake (shapeshifter) (Vaults:5)
  42 deep trolls
  2 flayed ghosts
  7 naga ritualists
  7 glowing orange brains
  17 ironbound convokers
  A tengu zombie (Vaults:4)
  A sphinx zombie (Vaults:2)
  14 lindwurms
  11 wizards
  Pikel (D:9)
  11 orc knights
  7 necromancers
  2 oklob plants (Lair:2)
  21 harpies
  A phantasmal warrior (Vaults:5)
  11 mana vipers
  7 cyclopes
  A deep elf pyromancer (D:14)
  9 starcursed masses (Abyss:2)
  35 ugly things
  11 salamanders
  An orc sorcerer (Vaults:5)
  10 elephants
  9 fauns
  A worldbinder (Abyss:2)
  A salamander (shapeshifter) (Depths:3)
  15 manticores
  37 black mambas
  3 water nymphs
  A stone giant skeleton (Vaults:4)
  11 merfolk sirens
  17 vault sentinels
  7 guardian serpents
  16 naga magi
  An orange demon (D:8)
  A gargoyle (D:13)
  9 cane toads
  An eye of devastation (shapeshifter) (Vaults:4)
  2 torpor snails (Lair:5)
  3 unseen horrors
  An elf skeleton (Vaults:2)
  3 smoke demons
  3 freezing wraiths
  42 yaktaurs
  2 rime drakes
  4 tengu conjurers
  An ice devil (Abyss:2)
  7 trolls
  9 komodo dragons
  A merfolk (shapeshifter) (D:15)
  3 polar bears
  18 merfolk
  10 wind drakes
  8 hornets
  4 raiju (Abyss:2)
  4 blink frogs (Lair:4)
  A dream sheep (shapeshifter) (Depths:3)
  11 dream sheep
  35 slime creatures
  11 snapping turtles
  8 water elementals
  Sigmund (D:2)
  2 shadows
  8 wyverns
  4 ynoxinuls (Abyss:2)
  2 wraiths
  39 yaks
  7 basilisks
  4 neqoxecs (Abyss:2)
  3 chaos spawn (Depths:2)
  12 vampire mosquitoes
  Grum (D:10)
  4 wargs
  3 steam dragons
  50 nagas
  A glowing shapeshifter zombie (Vaults:2)
  5 acid dragons
  An ogre skeleton (Vaults:4)
  34 orc warriors
  17 water moccasins
  A human zombie (Vaults:2)
  2 sky beasts
  4 black bears
  4 ice beasts
  9 ogres
  13 centaurs
  30 wolves
  6 small abominations
  4 lemures (D:9)
  4 kobold brigands
  12 bullfrogs
  2 gnoll sergeants
  5 scorpions
  5 wights
  16 killer bees
  2 howler monkeys
  12 electric eels
  6 hounds
  A quasit (Abyss:2)
  16 orc priests
  3 gnoll boudas
  2 jellies
  Jessica (D:2)
  25 orc wizards
  3 sleepcaps
  Natasha (twice) (D:3)
  2 iguanas
  4 hell rats (Lair:5)
  21 gnolls
  11 adders
  3 white imps
  An ufetubus (D:5)
  A worm (D:3)
  2 dart slugs
  65 orcs
  14 ball pythons
  4 bats (D:1)
  10 endoplasms
  3 giant cockroaches
  5 goblins
  9 hobgoblins
  4 jackals (D:1)
  2 quokkas
  2 frilled lizards (D:1)
  19 kobolds
  4 rats
  A spectral goblin (D:7)
  A spectral orc (D:5)
  3 starspawn tentacles (Abyss:2)
  A tentacle (Shoals:2)
1569 creatures vanquished.

Vanquished Creatures (others)
  A two-headed ogre (D:14)
  A wizard (Vaults:1)
  An ugly thing (Depths:1)
  A shadow (D:10)
  An endoplasm (D:1)
  A quokka (D:1)
  A ball python (D:1)
  A goblin (D:1)
  22 spectral weapons
  A starspawn tentacle (Abyss:2)
  4 tentacles (Shoals:2)
35 creatures vanquished.

Grand Total: 1604 creatures vanquished

Notes
Turn   | Place    | Note
-------+----------+-------------------------------------------
     0 | D:1      | qw the Gargoyle Fighter began the quest for the Orb.
     0 | D:1      | Reached XP level 1. HP: 14/14 MP: 1/1
     0 | D:1      | 0 ||| qw: Version: 0.2-a-29-g511e9b1
     0 | D:1      | 0 ||| qw: Game counter: 5767
     0 | D:1      | 0 ||| qw: Always use a shield: true
     0 | D:1      | 0 ||| qw: God list: Okawaru
     0 | D:1      | 0 ||| qw: Allow faded altars: false
     0 | D:1      | 0 ||| qw: Do Orc after D:15 true
     0 | D:1      | 0 ||| qw: Do second Lair branch before Depths: true
     0 | D:1      | 0 ||| qw: Lair rune preference: random
     0 | D:1      | 0 ||| qw: Plans: Normal, Zot:1-4, Slime:5, God:TSO, Crypt,
                  | Tomb, Abyss, Pan, Hells, Win
     0 | D:1      | 0 ||| PLANNING D:1-11
   109 | D:1      | Reached XP level 2. HP: 16/19 MP: 2/2
   109 | D:1      | 109 ||| FLEEEEING.
   111 | D:1      | 111 ||| FLEEEEING.
   112 | D:1      | 112 ||| FLEEEEING.
   113 | D:1      | 113 ||| FLEEEEING.
   114 | D:1      | 114 ||| FLEEEEING.
   115 | D:1      | 115 ||| FLEEEEING.
   116 | D:1      | 116 ||| FLEEEEING.
   226 | D:1      | 226 ||| Stepping ~*~*~tactically~*~*~ (stealth).
   238 | D:1      | 238 ||| READING scroll labelled BOISTI GYNWAC.
   239 | D:1      | 239 ||| FLEEEEING.
   301 | D:1      | 301 ||| Stepping ~*~*~tactically~*~*~ (stealth).
   304 | D:1      | 304 ||| Stepping ~*~*~tactically~*~*~ (stealth).
   305 | D:1      | 305 ||| Stepping ~*~*~tactically~*~*~ (stealth).
   307 | D:1      | 307 ||| Stepping ~*~*~tactically~*~*~ (hiding).
   314 | D:1      | 314 ||| FLEEEEING.
   315 | D:1      | 315 ||| FLEEEEING.
   316 | D:1      | 316 ||| FLEEEEING.
   317 | D:1      | 317 ||| FLEEEEING.
   318 | D:1      | 318 ||| FLEEEEING.
   319 | D:1      | 319 ||| FLEEEEING.
   320 | D:1      | 320 ||| FLEEEEING.
   322 | D:1      | 322 ||| FLEEEEING.
   480 | D:1      | Reached skill level 3 in Axes
   528 | D:1      | Reached XP level 3. HP: 23/23 MP: 3/3
  1169 | D:1      | 1169 ||| UPGRADING to ring of protection from cold.
  1170 | D:1      | 1170 ||| READING 2 scrolls labelled GALA LAENUALU.
  1171 | D:1      | 1171 ||| DRINKING 2 fizzy silvery potions.
  1172 | D:1      | 1172 ||| DRINKING 2 dark potions.
  1173 | D:1      | 1173 ||| DROPPING scroll of revelation.
  1174 | D:1      | 1174 ||| DROPPING potion of enlightenment.
  1449 | D:2      | Noticed Sigmund
  1450 | D:2      | 1450 ||| Stepping ~*~*~tactically~*~*~ (hiding).
  1455 | D:2      | Killed Sigmund
  1456 | D:2      | Reached XP level 4. HP: 27/28 MP: 4/4
  1456 | D:2      | Reached XP level 5. HP: 31/32 MP: 5/5
  1463 | D:2      | 1463 ||| Stepping ~*~*~tactically~*~*~ (stealth).
  1464 | D:2      | 1464 ||| Stepping ~*~*~tactically~*~*~ (stealth).
  1587 | D:2      | Found an iron altar of Okawaru.
  1588 | D:2      | 1588 ||| PLANNING OKAWARU WORSHIP
  1588 | D:2      | 1588 ||| READING scroll labelled LAL BEIRE.
  1596 | D:2      | Noticed Jessica
  1597 | D:2      | 1597 ||| Stepping ~*~*~tactically~*~*~ (hiding).
  1602 | D:2      | Killed Jessica
  1603 | D:2      | Reached XP level 6. HP: 28/38 MP: 6/6
  1603 | D:2      | 1603 ||| FLEEEEING.
  1604 | D:2      | 1604 ||| FLEEEEING.
  1650 | D:2      | Became a worshipper of Warmaster Okawaru
  1651 | D:2      | 1651 ||| PLANNING D:1-11
  1661 | D:2      | 1661 ||| Stepping ~*~*~tactically~*~*~ (stealth).
  1870 | D:2      | 1870 ||| Stepping ~*~*~tactically~*~*~ (stealth).
  1971 | D:2      | 1971 ||| UPGRADING to +0 chain mail.
  1981 | D:2      | 1981 ||| DROPPING +0 scale mail.
  1982 | D:2      | 1982 ||| UPGRADING to +0 pair of gloves.
  1987 | D:2      | 1987 ||| READING 2 scrolls labelled FIORAZ TIV.
  1988 | D:2      | 1988 ||| READING scroll of enchant weapon.
  1988 | D:2      | 1988 ||| ENCHANTING +1 war axe.
  2035 | D:3      | 2035 ||| STAIRDANCE
  2332 | D:3      | Reached skill level 6 in Axes
  2347 | D:3      | 2347 ||| Stepping ~*~*~tactically~*~*~ (hiding).
  2400 | D:3      | Reached skill level 1 in Dodging
  2422 | D:3      | 2422 ||| Stepping ~*~*~tactically~*~*~ (hiding).
  2435 | D:3      | Reached XP level 7. HP: 27/43 MP: 7/7
  2496 | D:3      | 2496 ||| DROPPING +0 whip.
  2587 | D:3      | Noticed Natasha
  2595 | D:3      | Killed Natasha
  2735 | D:3      | Noticed Natasha
  2742 | D:3      | Killed Natasha
  2742 | D:3      | Reached * piety under Okawaru
  2912 | D:3      | 2912 ||| Stepping ~*~*~tactically~*~*~ (stealth).
  2914 | D:3      | 2914 ||| Stepping ~*~*~tactically~*~*~ (hiding).
  2916 | D:3      | 2916 ||| Stepping ~*~*~tactically~*~*~ (hiding).
  2917 | D:3      | 2917 ||| Stepping ~*~*~tactically~*~*~ (hiding).
  2918 | D:3      | 2918 ||| Stepping ~*~*~tactically~*~*~ (hiding).
  2922 | D:3      | 2922 ||| INVOKING Heroism.
  2923 | D:3      | 2923 ||| INVOKING Heroism.
  2924 | D:3      | 2924 ||| INVOKING Heroism.
  3078 | D:3      | 3078 ||| Stepping ~*~*~tactically~*~*~ (water).
  3211 | D:3      | 3211 ||| UPGRADING to amulet of faith.
  3216 | D:3      | 3216 ||| READING scroll labelled SAPTEJALET.
  3217 | D:3      | 3217 ||| READING scroll labelled SUCI NUSHRUOS.
  3218 | D:3      | 3218 ||| READING 2 scrolls labelled TUQOEC WOPA.
  3239 | D:4      | Found a staircase to the Ecumenical Temple.
  3247 | D:4      | 3247 ||| FLEEEEING.
  3249 | D:4      | 3249 ||| FLEEEEING.
  3250 | D:4      | 3250 ||| FLEEEEING.
  3251 | D:4      | 3251 ||| FLEEEEING.
  3252 | D:4      | 3252 ||| STAIRDANCE
  3361 | D:4      | Reached skill level 1 in Invocations
  3461 | D:4      | Found an iron altar of Okawaru.
  3595 | D:4      | 3595 ||| INVOKING Heroism.
  3596 | D:4      | 3596 ||| INVOKING Heroism.
  3600 | D:4      | Reached XP level 8. HP: 45/48 MP: 6/9
  3878 | D:4      | Found Uheim's Antique Armour Boutique.
  3879 | D:4      | 3879 ||| INVOKING Heroism.
  3886 | D:4      | Reached skill level 3 in Invocations
  3909 | D:4      | 3909 ||| SHOPLISTING +1 cloak of Starlight {*Dazzle EV+4
                  | Stlth--} (732 gold, have 181).
  3909 | D:4      | 3909 ||| BUYING glowing chain mail (180 gold).
  3909 | D:4      | Bought a glowing chain mail for 180 gold pieces
  3909 | D:4      | 3909 ||| SHOPLISTING pair of boots (108 gold, have 1).
  3915 | D:4      | 3915 ||| UPGRADING to +0 cloak.
  3920 | D:4      | 3920 ||| UPGRADING to +1 chain mail of fire resistance.
  3930 | D:4      | 3930 ||| DROPPING +0 chain mail.
  3931 | D:4      | 3931 ||| READING scroll labelled TIATOAWKAFF.
  3932 | D:4      | 3932 ||| READING 2 scrolls labelled BEHAPH ZAIFOSM.
  3933 | D:4      | 3933 ||| READING scroll of brand weapon.
  3933 | D:4      | 3933 ||| BRANDING +2 heavy war axe.
  3934 | D:4      | 3934 ||| READING scroll labelled GEILUE DOTYXAWI.
  4035 | D:4      | 4035 ||| READING scroll labelled USE CONIFEONU.
  4036 | D:4      | 4036 ||| DRINKING 2 inky potions.
  4065 | D:5      | Entered Level 5 of the Dungeon
  4331 | D:5      | 4331 ||| DRINKING 3 potions of curing.
  4331 | D:5      | 4331 ||| (to cure confusion)
  4333 | D:5      | Reached skill level 1 in Throwing
  4401 | D:5      | 4401 ||| INVOKING Heroism.
  4503 | D:5      | Found a basalt altar of Yredelemnul.
  4558 | D:5      | 4558 ||| INVOKING Heroism.
  4559 | D:5      | 4559 ||| Stepping ~*~*~tactically~*~*~ (hiding).
  4560 | D:5      | 4560 ||| Stepping ~*~*~tactically~*~*~ (hiding).
  4563 | D:5      | 4563 ||| Stepping ~*~*~tactically~*~*~ (hiding).
  4566 | D:5      | 4566 ||| Stepping ~*~*~tactically~*~*~ (hiding).
  4569 | D:5      | 4569 ||| DRINKING 2 potions of curing.
  4569 | D:5      | 4569 ||| (to cure confusion)
  4574 | D:5      | 4574 ||| DRINKING potion of curing.
  4574 | D:5      | 4574 ||| (to cure confusion)
  4907 | D:5      | 4907 ||| INVOKING Heroism.
  5117 | D:5      | 5117 ||| READING scroll labelled CEODYUNAOD.
  5118 | D:5      | 5118 ||| DRINKING 2 black potions.
  5119 | D:5      | 5119 ||| READING 2 scrolls of identify.
  5119 | D:5      | 5119 ||| IDENTIFYING lumpy amethyst potion
  5216 | D:6      | 5216 ||| INVOKING Heroism.
  5242 | D:6      | 5242 ||| INVOKING Heroism.
  5348 | D:6      | 5348 ||| READING scroll of enchant weapon.
  5348 | D:6      | 5348 ||| ENCHANTING +2 war axe of freezing.
  5552 | D:6      | 5552 ||| Stepping ~*~*~tactically~*~*~ (hiding).
  5553 | D:6      | 5553 ||| Stepping ~*~*~tactically~*~*~ (hiding).
  5561 | D:6      | Reached skill level 6 in Fighting
  5595 | D:6      | 5595 ||| INVOKING Heroism.
  5600 | D:6      | Reached XP level 9. HP: 55/55 MP: 9/12
  5605 | D:6      | Reached ** piety under Okawaru
  5636 | D:6      | 5636 ||| INVOKING Heroism.
  5744 | D:6      | 5744 ||| DRINKING 2 smoky golden potions.
  5744 | D:6      | Gained mutation: You are clumsy. (Dex -2) [potion of
                  | mutation]
  5744 | D:6      | Gained mutation: You occasionally shout uncontrollably at
                  | your foes. [potion of mutation]
  5744 | D:6      | Lost mutation: You are clumsy. (Dex -2) [potion of
                  | mutation]
  5744 | D:6      | Gained mutation: You are agile. (Dex +4, Str/Int -1)
                  | [potion of mutation]
  5770 | D:7      | 5770 ||| INVOKING Heroism.
  5781 | D:7      | Reached skill level 9 in Axes
  5882 | D:7      | Reached skill level 4 in Shields
  6155 | D:7      | 6155 ||| INVOKING Heroism.
  6198 | D:7      | Noticed a troll
  6199 | D:7      | 6199 ||| Stepping ~*~*~tactically~*~*~ (stealth).
  6200 | D:7      | 6200 ||| INVOKING Heroism.
  6207 | D:7      | Killed a troll
  6210 | D:7      | 6210 ||| Stepping ~*~*~tactically~*~*~ (hiding).
  6214 | D:7      | Reached *** piety under Okawaru
  6229 | D:7      | Reached XP level 10. HP: 58/63 MP: 13/13
  6276 | D:7      | 6276 ||| Stepping ~*~*~tactically~*~*~ (hiding).
  6422 | D:7      | Found a hazy altar of Hepliaklqana.
  6476 | D:7      | 6476 ||| UPGRADING to +0 plate armour.
  6486 | D:7      | 6486 ||| DRINKING 2 white potions.
  6487 | D:7      | 6487 ||| DROPPING potion of invisibility.
  6512 | D:8      | 6512 ||| Stepping ~*~*~tactically~*~*~ (stealth).
  6519 | D:8      | 6519 ||| INVOKING Heroism.
  6533 | D:8      | Reached skill level 6 in Armour
  6534 | D:8      | Reached **** piety under Okawaru
  6556 | D:8      | 6556 ||| Stepping ~*~*~tactically~*~*~ (hiding).
  6562 | D:8      | 6562 ||| Stepping ~*~*~tactically~*~*~ (hiding).
  6573 | D:8      | 6573 ||| Stepping ~*~*~tactically~*~*~ (stealth).
  6578 | D:8      | 6578 ||| Stepping ~*~*~tactically~*~*~ (stealth).
  6580 | D:8      | 6580 ||| FLEEEEING.
  6589 | D:8      | 6589 ||| STAIRDANCE
  6615 | D:7      | 6615 ||| READING scroll labelled RIVINU GIQI.
  6652 | D:8      | 6652 ||| Stepping ~*~*~tactically~*~*~ (water).
  6693 | D:8      | 6693 ||| INVOKING Heroism.
  6742 | D:8      | 6742 ||| Stepping ~*~*~tactically~*~*~ (hiding).
  6743 | D:8      | 6743 ||| Stepping ~*~*~tactically~*~*~ (hiding).
  6753 | D:8      | 6753 ||| INVOKING Heroism.
  6839 | D:8      | 6839 ||| Stepping ~*~*~tactically~*~*~ (stealth).
  6841 | D:8      | 6841 ||| Stepping ~*~*~tactically~*~*~ (hiding).
  6842 | D:8      | 6842 ||| Stepping ~*~*~tactically~*~*~ (hiding).
  6854 | D:8      | 6854 ||| FLEEEEING.
  6855 | D:8      | 6855 ||| FLEEEEING.
  6856 | D:8      | 6856 ||| FLEEEEING.
  6857 | D:8      | 6857 ||| FLEEEEING.
  6858 | D:8      | 6858 ||| FLEEEEING.
  6859 | D:8      | 6859 ||| FLEEEEING.
  6860 | D:8      | 6860 ||| FLEEEEING.
  6861 | D:8      | 6861 ||| FLEEEEING.
  6862 | D:8      | 6862 ||| FLEEEEING.
  6863 | D:8      | 6863 ||| FLEEEEING.
  6864 | D:8      | 6864 ||| FLEEEEING.
  6865 | D:8      | 6865 ||| FLEEEEING.
  6866 | D:8      | 6866 ||| STAIRDANCE
  6914 | D:8      | 6914 ||| STAIRDANCE
  7053 | D:8      | 7053 ||| Stepping ~*~*~tactically~*~*~ (hiding).
  7120 | D:8      | Noticed Amaemon
  7121 | D:8      | 7121 ||| Stepping ~*~*~tactically~*~*~ (stealth).
  7123 | D:8      | Noticed an orange demon
  7124 | D:8      | 7124 ||| Stepping ~*~*~tactically~*~*~ (hiding).
  7125 | D:8      | 7125 ||| Stepping ~*~*~tactically~*~*~ (hiding).
  7128 | D:8      | 7128 ||| INVOKING Heroism.
  7141 | D:8      | Killed Amaemon
  7142 | D:8      | Reached skill level 5 in Shields
  7146 | D:8      | Killed an orange demon
  7147 | D:8      | Reached skill level 6 in Invocations
  7330 | D:9      | 7330 ||| Stepping ~*~*~tactically~*~*~ (hiding).
  7334 | D:9      | 7334 ||| INVOKING Heroism.
  7344 | D:9      | Reached XP level 11. HP: 60/69 MP: 13/16
  7398 | D:9      | Reached ***** piety under Okawaru
  7421 | D:9      | 7421 ||| Stepping ~*~*~tactically~*~*~ (stealth).
  7427 | D:9      | 7427 ||| Stepping ~*~*~tactically~*~*~ (stealth).
  7428 | D:9      | 7428 ||| Stepping ~*~*~tactically~*~*~ (stealth).
  7439 | D:9      | 7439 ||| INVOKING Heroism.
  7486 | D:9      | 7486 ||| DROPPING +0 heavy flail.
  7644 | D:9      | Noticed Pikel
  7645 | D:9      | 7645 ||| Stepping ~*~*~tactically~*~*~ (stealth).
  7707 | D:9      | Killed Pikel
  7714 | D:9      | Noticed a two-headed ogre
  7715 | D:9      | 7715 ||| FLEEEEING.
  7716 | D:9      | 7716 ||| FLEEEEING.
  7717 | D:9      | 7717 ||| FLEEEEING.
  7718 | D:9      | 7718 ||| FLEEEEING.
  7719 | D:9      | 7719 ||| FLEEEEING.
  7727 | D:9      | 7727 ||| FLEEEEING.
  7728 | D:9      | 7728 ||| FLEEEEING.
  7733 | D:9      | 7733 ||| INVOKING Heroism.
  7742 | D:9      | Killed a two-headed ogre
  7879 | D:9      | Found a staircase to the Lair.
  7880 | D:9      | 7880 ||| INVOKING Heroism.
  7971 | D:9      | 7971 ||| Stepping ~*~*~tactically~*~*~ (stealth).
  7972 | D:9      | 7972 ||| Stepping ~*~*~tactically~*~*~ (stealth).
  8039 | D:9      | 8039 ||| READING scroll of enchant weapon.
  8039 | D:9      | 8039 ||| ENCHANTING +3 war axe of freezing.
  8123 | D:9      | 8123 ||| Stepping ~*~*~tactically~*~*~ (stealth).
  8136 | D:9      | 8136 ||| INVOKING Heroism.
  8260 | D:9      | 8260 ||| PLANNING LAIR
  8260 | D:9      | 8260 ||| READING 6 scrolls of identify.
  8260 | D:9      | 8260 ||| IDENTIFYING glowing orange potion
  8261 | D:9      | 8261 ||| DROPPING potion of berserk rage.
  8289 | Lair:1   | Entered Level 1 of the Lair of Beasts
  8328 | Lair:1   | 8328 ||| INVOKING Heroism.
  8349 | Lair:1   | Reached skill level 9 in Fighting
  8488 | Lair:1   | 8488 ||| INVOKING Heroism.
  8491 | Lair:1   | Reached skill level 9 in Invocations
  8491 | Lair:1   | Identified the +7 great mace "Unegg" {holy, Fly Str-2 SInv
                  | Stlth-} (Okawaru gifted it to you on level 1 of the Lair of
                  | Beasts)
  8491 | Lair:1   | Received a gift from Okawaru
  8742 | Lair:1   | 8742 ||| INVOKING Heroism.
  8853 | Lair:1   | 8853 ||| INVOKING Heroism.
  8888 | Lair:1   | Found a stormy altar of Qazlal.
  8950 | Lair:1   | 8950 ||| INVOKING Heroism.
  9155 | Lair:1   | 9155 ||| INVOKING Heroism.
  9168 | Lair:1   | Reached XP level 12. HP: 64/76 MP: 17/19
  9602 | Lair:1   | 9602 ||| UPGRADING to +1 pair of boots.
  9607 | Lair:1   | 9607 ||| READING scroll labelled EGEYRHOMNENA.
  9646 | Lair:2   | 9646 ||| Stepping ~*~*~tactically~*~*~ (hiding).
  9716 | Lair:2   | 9716 ||| Stepping ~*~*~tactically~*~*~ (stealth).
  9718 | Lair:2   | 9718 ||| Stepping ~*~*~tactically~*~*~ (stealth).
  9808 | Lair:2   | 9808 ||| Stepping ~*~*~tactically~*~*~ (stealth).
  9840 | Lair:2   | 9840 ||| INVOKING Heroism.
  9842 | Lair:2   | Reached skill level 12 in Axes
  9970 | Lair:2   | 9970 ||| INVOKING Heroism.
  9971 | Lair:2   | 9971 ||| INVOKING Finesse.
  9993 | Lair:2   | Reached skill level 9 in Armour
 10026 | Lair:2   | Identified the +5 great mace of the Original Sin {venom,
                  | rF++ rC+}
 10061 | Lair:2   | Reached skill level 6 in Shields
 10154 | Lair:2   | Received a gift from Okawaru
 10158 | Lair:2   | 10158 ||| INVOKING Heroism.
 10271 | Lair:2   | 10271 ||| UPGRADING to +0 broad axe of venom.
 10272 | Lair:2   | 10272 ||| DROPPING +4 war axe of freezing.
 10559 | Lair:2   | Found a shimmering altar of Xom.
 10560 | Lair:2   | 10560 ||| INVOKING Heroism.
 10561 | Lair:2   | 10561 ||| INVOKING Finesse.
 10855 | Lair:2   | 10855 ||| UPGRADING to ring of protection from cold.
 10856 | Lair:2   | 10856 ||| READING 7 scrolls of identify.
 10856 | Lair:2   | 10856 ||| IDENTIFYING metallic puce potion
 10857 | Lair:2   | 10857 ||| DROPPING potion of brilliance.
 10893 | Lair:3   | Noticed a six-headed hydra
 10894 | Lair:3   | 10894 ||| PLANNING GAUNTLET
 10894 | Lair:3   | 10894 ||| INVOKING Heroism.
 10895 | Lair:3   | 10895 ||| INVOKING Finesse.
 10901 | Lair:3   | Killed a six-headed hydra
 10912 | Lair:3   | Noticed Nessos
 10913 | Lair:3   | 10913 ||| Stepping ~*~*~tactically~*~*~ (hiding).
 10914 | Lair:3   | 10914 ||| Stepping ~*~*~tactically~*~*~ (hiding).
 10935 | Lair:3   | 10935 ||| Stepping ~*~*~tactically~*~*~ (hiding).
 10937 | Lair:3   | 10937 ||| INVOKING Heroism.
 10947 | Lair:3   | Killed Nessos
 10954 | Lair:3   | 10954 ||| FLEEEEING.
 10957 | Lair:3   | 10957 ||| STAIRDANCE
 11187 | Lair:3   | 11187 ||| INVOKING Heroism.
 11341 | Lair:3   | 11341 ||| INVOKING Heroism.
 11351 | Lair:3   | Reached skill level 3 in Dodging
 11437 | Lair:3   | 11437 ||| RIP GAUNTLET
 11439 | Lair:3   | 11439 ||| PLANNING LAIR
 11445 | Lair:3   | Reached XP level 13. HP: 82/82 MP: 20/20
 11507 | Lair:3   | Found a staircase to the Shoals.
 11516 | Lair:3   | 11516 ||| INVOKING Heroism.
 11712 | Lair:3   | 11712 ||| INVOKING Heroism.
 11820 | Lair:3   | 11820 ||| Stepping ~*~*~tactically~*~*~ (hiding).
 11822 | Lair:3   | 11822 ||| Stepping ~*~*~tactically~*~*~ (hiding).
 11833 | Lair:3   | 11833 ||| INVOKING Heroism.
 11836 | Lair:3   | Found a staircase to the Snake Pit.
 12064 | Lair:3   | 12064 ||| INVOKING Heroism.
 12297 | Lair:3   | 12297 ||| UPGRADING to +2 pair of gloves.
 12307 | Lair:3   | 12307 ||| DROPPING +0 pair of gloves.
 12308 | Lair:3   | 12308 ||| UPGRADING to +5 ring of evasion.
 12310 | Lair:3   | 12310 ||| DRINKING 2 fuming dark potions.
 12345 | Lair:4   | Found a runed translucent gate.
 12345 | Lair:4   | Found a runed translucent gate.
 12345 | Lair:4   | Found a runed translucent gate.
 12364 | Lair:4   | Noticed an ice dragon
 12378 | Lair:4   | Noticed qw's ghost (journeyman NaHu)
 12397 | Lair:4   | 12397 ||| INVOKING Heroism.
 12470 | Lair:4   | 12470 ||| INVOKING Heroism.
 12471 | Lair:4   | 12471 ||| Stepping ~*~*~tactically~*~*~ (stealth).
 12529 | Lair:4   | 12529 ||| READING scroll of enchant weapon.
 12529 | Lair:4   | 12529 ||| ENCHANTING +0 broad axe of venom.
 12773 | Lair:4   | 12773 ||| Stepping ~*~*~tactically~*~*~ (hiding).
 12880 | Lair:4   | 12880 ||| INVOKING Heroism.
 12989 | Lair:4   | 12989 ||| Stepping ~*~*~tactically~*~*~ (stealth).
 13323 | Lair:4   | 13323 ||| READING scroll labelled UNUOWO HAUKUA.
 13324 | Lair:4   | 13324 ||| READING 7 scrolls of identify.
 13324 | Lair:4   | 13324 ||| IDENTIFYING blue potion
 13325 | Lair:4   | 13325 ||| DROPPING potion of ambrosia.
 13338 | Lair:5   | Entered Level 5 of the Lair of Beasts
 13344 | Lair:5   | 13344 ||| INVOKING Heroism.
 13376 | Lair:5   | Identified the +3 ring mail "Jameafri" {rN+++ Will+ rCorr
                  | Dex+2} (Okawaru gifted it to you on level 5 of the Lair of
                  | Beasts)
 13376 | Lair:5   | Received a gift from Okawaru
 13398 | Lair:5   | 13398 ||| INVOKING Heroism.
 13557 | Lair:5   | 13557 ||| READING scroll of brand weapon.
 13557 | Lair:5   | 13557 ||| BRANDING +1 broad axe of venom.
 13622 | Lair:5   | Reached skill level 7 in Shields
 13664 | Lair:5   | 13664 ||| INVOKING Heroism.
 13687 | Lair:5   | 13687 ||| INVOKING Finesse.
 13707 | Lair:5   | 13707 ||| INVOKING Heroism.
 13924 | Lair:5   | Found a viscous altar of Jiyva.
 13924 | Lair:5   | Found a staircase to the Slime Pits.
 13939 | Lair:5   | 13939 ||| FLEEEEING.
 13940 | Lair:5   | 13940 ||| FLEEEEING.
 13944 | Lair:5   | 13944 ||| INVOKING Heroism.
 14081 | Lair:5   | 14081 ||| INVOKING Heroism.
 14082 | Lair:5   | 14082 ||| Stepping ~*~*~tactically~*~*~ (water).
 14145 | Lair:5   | 14145 ||| INVOKING Heroism.
 14179 | Lair:5   | 14179 ||| Stepping ~*~*~tactically~*~*~ (water).
 14181 | Lair:5   | 14181 ||| INVOKING Heroism.
 14190 | Lair:5   | Reached skill level 15 in Axes
 14191 | Lair:5   | HP: 20/84 [basilisk (5)]
 14192 | Lair:5   | 14192 ||| READING 2 scrolls of teleportation.
 14193 | Lair:5   | 14193 ||| DRINKING 4 potions of heal wounds.
 14366 | Lair:5   | 14366 ||| Stepping ~*~*~tactically~*~*~ (hiding).
 14574 | Lair:5   | 14574 ||| READING scroll of enchant weapon.
 14574 | Lair:5   | 14574 ||| ENCHANTING +1 broad axe of protection.
 14802 | Lair:5   | 14802 ||| PLANNING D:1-11
 14802 | Lair:5   | 14802 ||| READING scroll labelled UTIMO FIESH.
 14962 | D:10     | Entered Level 10 of the Dungeon
 15002 | D:10     | Identified the +5 scale mail of the Solstice {*Slow rC++
                  | rN+ MP+9}
 15013 | D:10     | Gained mutation: Your large and strong wings let you fly.
                  | [Gargoyle growth]
 15013 | D:10     | Reached XP level 14. HP: 77/90 MP: 21/21
 15144 | D:10     | Noticed Grum
 15145 | D:10     | 15145 ||| Stepping ~*~*~tactically~*~*~ (hiding).
 15146 | D:10     | 15146 ||| Stepping ~*~*~tactically~*~*~ (hiding).
 15147 | D:10     | 15147 ||| INVOKING Heroism.
 15162 | D:10     | Killed Grum
 15190 | D:10     | 15190 ||| Stepping ~*~*~tactically~*~*~ (hiding).
 15535 | D:10     | 15535 ||| Stepping ~*~*~tactically~*~*~ (hiding).
 15540 | D:10     | 15540 ||| DRINKING 4 potions of curing.
 15540 | D:10     | 15540 ||| (to cure confusion)
 15664 | D:10     | 15664 ||| Stepping ~*~*~tactically~*~*~ (hiding).
 15694 | D:10     | 15694 ||| Stepping ~*~*~tactically~*~*~ (stealth).
 15775 | D:10     | 15775 ||| Stepping ~*~*~tactically~*~*~ (stealth).
 15878 | D:10     | Found an opulent altar of Gozag.
 15881 | D:10     | Found a white marble altar of Elyvilon.
 15916 | D:10     | 15916 ||| Stepping ~*~*~tactically~*~*~ (hiding).
 16013 | D:10     | Found a staircase to the Orcish Mines.
 16079 | D:11     | 16079 ||| FLEEEEING.
 16080 | D:11     | 16080 ||| FLEEEEING.
 16081 | D:11     | 16081 ||| FLEEEEING.
 16082 | D:11     | 16082 ||| FLEEEEING.
 16083 | D:11     | 16083 ||| FLEEEEING.
 16084 | D:11     | 16084 ||| STAIRDANCE
 16121 | D:11     | 16121 ||| Stepping ~*~*~tactically~*~*~ (hiding).
 16132 | D:11     | 16132 ||| INVOKING Heroism.
 16260 | D:10     | Found a blossoming altar of Fedhas.
 16260 | D:10     | Found a broken altar of Ashenzari.
 16319 | D:11     | Received a gift from Okawaru
 16491 | D:11     | 16491 ||| Stepping ~*~*~tactically~*~*~ (stealth).
 16504 | D:11     | Received a gift from Okawaru
 16505 | D:11     | 16505 ||| FLEEEEING.
 16512 | D:11     | 16512 ||| FLEEEEING.
 16513 | D:11     | 16513 ||| FLEEEEING.
 16645 | D:11     | 16645 ||| Stepping randomly (disturbance).
 16689 | D:11     | Reached skill level 12 in Fighting
 16775 | D:11     | 16775 ||| INVOKING Heroism.
 16776 | D:11     | 16776 ||| INVOKING Finesse.
 16880 | D:11     | 16880 ||| PLANNING D
 16912 | D:12     | 16912 ||| Stepping ~*~*~tactically~*~*~ (stealth).
 16935 | D:12     | 16935 ||| INVOKING Heroism.
 16938 | D:12     | Noticed Frances
 16958 | D:12     | Killed Frances
 16958 | D:12     | Received a gift from Okawaru
 16959 | D:12     | 16959 ||| INVOKING Finesse.
 17138 | D:12     | Noticed Gastronok
 17140 | D:12     | 17140 ||| Stepping ~*~*~tactically~*~*~ (hiding).
 17141 | D:12     | 17141 ||| Stepping ~*~*~tactically~*~*~ (hiding).
 17155 | D:12     | 17155 ||| INVOKING Heroism.
 17158 | D:12     | Killed Gastronok
 17188 | D:12     | 17188 ||| Stepping ~*~*~tactically~*~*~ (hiding).
 17195 | D:12     | 17195 ||| INVOKING Heroism.
 17218 | D:12     | 17218 ||| Stepping ~*~*~tactically~*~*~ (stealth).
 17225 | D:12     | 17225 ||| Stepping ~*~*~tactically~*~*~ (stealth).
 17239 | D:12     | 17239 ||| Stepping ~*~*~tactically~*~*~ (stealth).
 17244 | D:12     | 17244 ||| Stepping ~*~*~tactically~*~*~ (stealth).
 17319 | D:12     | 17319 ||| Stepping ~*~*~tactically~*~*~ (stealth).
 17322 | D:12     | 17322 ||| INVOKING Heroism.
 17875 | D:12     | 17875 ||| UPGRADING to +0 kite shield.
 17885 | D:12     | 17885 ||| DROPPING +0 buckler.
 17886 | D:12     | 17886 ||| UPGRADING to +1 hat of stealth.
 17891 | D:12     | 17891 ||| UPGRADING to +6 ring of strength.
 17923 | D:13     | 17923 ||| INVOKING Heroism.
 17924 | D:13     | Received a gift from Okawaru
 18058 | D:13     | Noticed Snorg
 18059 | D:13     | 18059 ||| INVOKING Heroism.
 18068 | D:13     | Killed Snorg
 18069 | D:13     | Reached skill level 8 in Shields
 18285 | D:13     | 18285 ||| Stepping ~*~*~tactically~*~*~ (hiding).
 18293 | D:13     | Reached skill level 3 in Throwing
 18407 | D:13     | 18407 ||| INVOKING Heroism.
 18837 | D:13     | 18837 ||| Stepping ~*~*~tactically~*~*~ (hiding).
 18849 | D:13     | Reached skill level 9 in Shields
 18890 | D:13     | 18890 ||| INVOKING Heroism.
 19068 | D:14     | 19068 ||| Stepping ~*~*~tactically~*~*~ (hiding).
 19221 | D:14     | 19221 ||| INVOKING Heroism.
 19222 | D:14     | 19222 ||| INVOKING Finesse.
 19238 | D:14     | 19238 ||| Stepping ~*~*~tactically~*~*~ (hiding).
 19265 | D:14     | Reached skill level 10 in Shields
 19365 | D:14     | 19365 ||| Stepping ~*~*~tactically~*~*~ (stealth).
 19366 | D:14     | 19366 ||| Stepping ~*~*~tactically~*~*~ (stealth).
 19378 | D:14     | Reached XP level 15. HP: 96/96 MP: 22/22
 19434 | D:14     | Identified the +6 rapier of Fyphiuhe {flame, *Noise rPois
                  | Str+6 Dex+2}
 19482 | D:14     | 19482 ||| INVOKING Heroism.
 19693 | D:14     | Identified the +2 great sword of the Empty Page {drain,
                  | Str+2} (Okawaru gifted it to you on level 14 of the
                  | Dungeon)
 19693 | D:14     | Received a gift from Okawaru
 19718 | D:14     | Found a gate to the Vaults.
 19721 | D:14     | 19721 ||| Stepping ~*~*~tactically~*~*~ (hiding).
 19731 | D:14     | Reached skill level 11 in Shields
 19782 | D:14     | Identified the +3 quarterstaff of the Dead {pain, Str+2}
 20193 | D:14     | 20193 ||| DROPPING ring of willpower.
 20213 | D:15     | Entered Level 15 of the Dungeon
 20251 | D:15     | 20251 ||| Stepping ~*~*~tactically~*~*~ (hiding).
 20348 | D:15     | 20348 ||| INVOKING Heroism.
 20439 | D:15     | 20439 ||| INVOKING Heroism.
 20446 | D:15     | Reached skill level 12 in Shields
 20507 | D:15     | 20507 ||| READING 3 scrolls of teleportation.
 21036 | D:15     | Found a shadowy altar of Dithmenos.
 21078 | D:15     | 21078 ||| Stepping ~*~*~tactically~*~*~ (hiding).
 21079 | D:15     | 21079 ||| Stepping ~*~*~tactically~*~*~ (hiding).
 21122 | D:15     | 21122 ||| INVOKING Heroism.
 21123 | D:15     | 21123 ||| INVOKING Finesse.
 21126 | D:15     | 21126 ||| SWAPPING to -1 demon whip of venom.
 21137 | D:15     | 21137 ||| UPGRADING to +2 broad axe of protection.
 21256 | D:15     | 21256 ||| Stepping ~*~*~tactically~*~*~ (stealth).
 21262 | D:15     | 21262 ||| INVOKING Heroism.
 21308 | D:15     | Found a staircase to the Depths.
 21314 | D:15     | 21314 ||| PLANNING ORC
 21314 | D:15     | 21314 ||| DROPPING ring of wizardry.
 21496 | Orc:1    | Entered Level 1 of the Orcish Mines
 21499 | Orc:1    | Noticed Harold
 21500 | Orc:1    | 21500 ||| DRINKING 6 potions of curing.
 21500 | Orc:1    | 21500 ||| (to cure confusion)
 21501 | Orc:1    | 21501 ||| INVOKING Heroism.
 21515 | Orc:1    | Killed Harold
 21538 | Orc:1    | 21538 ||| FLEEEEING.
 21539 | Orc:1    | 21539 ||| FLEEEEING.
 21540 | Orc:1    | 21540 ||| FLEEEEING.
 21541 | Orc:1    | 21541 ||| STAIRDANCE
 21695 | Orc:1    | 21695 ||| Stepping ~*~*~tactically~*~*~ (hiding).
 21956 | Orc:1    | 21956 ||| DRINKING 5 potions of curing.
 21956 | Orc:1    | 21956 ||| (to cure confusion)
 21970 | Orc:1    | 21970 ||| INVOKING Heroism.
 22122 | Orc:2    | Entered Level 2 of the Orcish Mines
 22128 | Orc:2    | 22128 ||| INVOKING Heroism.
 22132 | Orc:2    | 22132 ||| Stepping ~*~*~tactically~*~*~ (hiding).
 22133 | Orc:2    | 22133 ||| Stepping ~*~*~tactically~*~*~ (hiding).
 22139 | Orc:2    | 22139 ||| Stepping ~*~*~tactically~*~*~ (hiding).
 22145 | Orc:2    | Reached skill level 13 in Shields
 22157 | Orc:2    | 22157 ||| Stepping ~*~*~tactically~*~*~ (stealth).
 22171 | Orc:2    | 22171 ||| INVOKING Heroism.
 22171 | Orc:2    | Noticed an orc warlord
 22177 | Orc:2    | Killed an orc warlord
 22194 | Orc:2    | Found Ekho's Antique Armour Shop.
 22195 | Orc:2    | 22195 ||| Stepping ~*~*~tactically~*~*~ (hiding).
 22264 | Orc:2    | 22264 ||| BUYING glowing chain mail (180 gold).
 22264 | Orc:2    | Bought a glowing chain mail for 180 gold pieces
 22264 | Orc:2    | 22264 ||| BUYING jewelled swamp dragon scales (1320 gold).
 22264 | Orc:2    | Bought jewelled swamp dragon scales for 1320 gold pieces
 22264 | Orc:2    | Identified the +4 swamp dragon scales of Atheism {Rampage
                  | *Corrode rElec rPois rC+} (You bought it in a shop on level
                  | 2 of the Orcish Mines)
 22268 | Orc:2    | Found a staircase to the Elven Halls.
 22274 | Orc:2    | Found a dark tunnel.
 22284 | Orc:2    | 22284 ||| Stepping ~*~*~tactically~*~*~ (hiding).
 22291 | Orc:2    | 22291 ||| Stepping ~*~*~tactically~*~*~ (hiding).
 22301 | Orc:2    | 22301 ||| Stepping ~*~*~tactically~*~*~ (stealth).
 22302 | Orc:2    | 22302 ||| Stepping ~*~*~tactically~*~*~ (stealth).
 22343 | Orc:2    | 22343 ||| Stepping ~*~*~tactically~*~*~ (stealth).
 22348 | Orc:2    | 22348 ||| Stepping ~*~*~tactically~*~*~ (stealth).
 22353 | Orc:2    | 22353 ||| Stepping ~*~*~tactically~*~*~ (hiding).
 22356 | Orc:2    | 22356 ||| Stepping ~*~*~tactically~*~*~ (hiding).
 22357 | Orc:2    | 22357 ||| Stepping ~*~*~tactically~*~*~ (hiding).
 22359 | Orc:2    | 22359 ||| Stepping ~*~*~tactically~*~*~ (hiding).
 22360 | Orc:2    | 22360 ||| Stepping ~*~*~tactically~*~*~ (hiding).
 22364 | Orc:2    | 22364 ||| INVOKING Heroism.
 22385 | Orc:2    | 22385 ||| Stepping ~*~*~tactically~*~*~ (stealth).
 22417 | Orc:2    | Found Ulinurgh's Book Boutique.
 22481 | Orc:2    | Found a gateway to a bazaar.
 22482 | Orc:2    | 22482 ||| PLANNING BAZAAR
 22482 | Orc:2    | 22482 ||| DROPPING +2 chain mail of willpower.
 22491 | Bazaar   | Entered a bazaar
 22493 | Bazaar   | Found Muceaxar's Antique Armour Shop.
 22502 | Bazaar   | 22502 ||| BUYING glowing cloak (127 gold).
 22502 | Bazaar   | Bought a glowing cloak for 127 gold pieces
 22502 | Bazaar   | 22502 ||| BUYING helmet (76 gold).
 22502 | Bazaar   | Bought a helmet for 76 gold pieces
 22502 | Bazaar   | 22502 ||| BUYING runed helmet (127 gold).
 22502 | Bazaar   | Bought a runed helmet for 127 gold pieces
 22512 | Bazaar   | Found Wiafor's Distillery.
 22518 | Bazaar   | Found Etwysch's Book Shoppe.
 22521 | Bazaar   | 22521 ||| BUYING potion of curing (48 gold).
 22521 | Bazaar   | Bought a potion of curing for 48 gold pieces
 22521 | Bazaar   | 22521 ||| BUYING potion of curing (48 gold).
 22521 | Bazaar   | Bought a potion of curing for 48 gold pieces
 22521 | Bazaar   | 22521 ||| BUYING potion of curing (48 gold).
 22521 | Bazaar   | Bought a potion of curing for 48 gold pieces
 22523 | Bazaar   | Found Gab Off's Antique Weapon Emporium.
 22533 | Bazaar   | 22533 ||| UPGRADING to +1 cloak of poison resistance.
 22543 | Bazaar   | 22543 ||| DROPPING +0 cloak.
 22544 | Bazaar   | 22544 ||| UPGRADING to +0 helmet.
 22554 | Bazaar   | 22554 ||| DROPPING +1 hat of stealth.
 22555 | Bazaar   | 22555 ||| DROPPING +0 helmet of intelligence.
 22576 | Orc:2    | 22576 ||| PLANNING ORC
 22638 | Orc:2    | Found Moblaq's Antique Weapon Boutique.
 22645 | Orc:2    | 22645 ||| INVOKING Heroism.
 22662 | Orc:2    | 22662 ||| DRINKING 7 potions of curing.
 22662 | Orc:2    | 22662 ||| (to cure confusion)
 22686 | Orc:2    | 22686 ||| DRINKING 6 potions of curing.
 22686 | Orc:2    | 22686 ||| (to cure confusion)
 22687 | Orc:2    | 22687 ||| DRINKING 5 potions of curing.
 22687 | Orc:2    | 22687 ||| (to cure confusion)
 22730 | Orc:2    | 22730 ||| FLEEEEING.
 22865 | Orc:2    | 22865 ||| Stepping ~*~*~tactically~*~*~ (stealth).
 22866 | Orc:2    | 22866 ||| Stepping ~*~*~tactically~*~*~ (stealth).
 22867 | Orc:2    | 22867 ||| Stepping ~*~*~tactically~*~*~ (stealth).
 22868 | Orc:2    | 22868 ||| Stepping ~*~*~tactically~*~*~ (stealth).
 22892 | Orc:2    | Found Gumay's General Store.
 22901 | Orc:2    | 22901 ||| BUYING scroll of enchant armour (105 gold).
 22901 | Orc:2    | Bought a scroll of enchant armour for 105 gold pieces
 22901 | Orc:2    | 22901 ||| READING scroll of enchant armour.
 22901 | Orc:2    | 22901 ||| ENCHANTING +0 helmet.
 23055 | Orc:2    | 23055 ||| PLANNING SNAKE:1-3
 23262 | Snake:1  | Entered Level 1 of the Snake Pit
 23314 | Snake:1  | Received a gift from Okawaru
 23338 | Snake:1  | Reached skill level 12 in Armour
 23457 | Snake:1  | Noticed Agnes
 23458 | Snake:1  | 23458 ||| INVOKING Heroism.
 23459 | Snake:1  | 23459 ||| INVOKING Finesse.
 23465 | Snake:1  | Reached XP level 16. HP: 95/101 MP: 15/23
 23472 | Snake:1  | Killed Agnes
 23513 | Snake:1  | 23513 ||| INVOKING Heroism.
 23527 | Snake:1  | HP: 24/101 [naga warrior/+0 war axe (8)]
 23528 | Snake:1  | 23528 ||| READING 2 scrolls of teleportation.
 23529 | Snake:1  | 23529 ||| DRINKING 7 potions of heal wounds.
 23730 | Snake:1  | 23730 ||| READING scroll of brand weapon.
 23730 | Snake:1  | 23730 ||| BRANDING +2 broad axe of protection.
 23807 | Snake:1  | 23807 ||| INVOKING Heroism.
 24241 | Snake:2  | Noticed a nagaraja
 24242 | Snake:2  | 24242 ||| INVOKING Heroism.
 24247 | Snake:2  | Received a gift from Okawaru
 24257 | Snake:2  | Killed a nagaraja
 24380 | Snake:2  | 24380 ||| Stepping ~*~*~tactically~*~*~ (stealth).
 24445 | Snake:2  | 24445 ||| INVOKING Heroism.
 24449 | Snake:2  | HP: 16/103 [salamander/+0 glaive (11)]
 24450 | Snake:2  | 24450 ||| READING 2 scrolls of teleportation.
 24450 | Snake:2  | HP: 5/103 [naga mage/+0 halberd (11)]
 24451 | Snake:2  | 24451 ||| DRINKING 6 potions of heal wounds.
 24451 | Snake:2  | HP: 1/103 [salamander/+0 glaive (14)]
 24452 | Snake:2  | 24452 ||| DRINKING 5 potions of heal wounds.
 24453 | Snake:2  | 24453 ||| DRINKING 4 potions of heal wounds.
 24629 | Snake:2  | Reached skill level 6 in Throwing
 24641 | Snake:2  | 24641 ||| Stepping ~*~*~tactically~*~*~ (stealth).
 24644 | Snake:2  | You are sucked into a shaft and drop 1 floor!
 24762 | Snake:3  | Identified the +0 pair of gloves "Erirhaf" {rElec rC+ rCorr
                  | Dex-3} (Okawaru gifted it to you on level 3 of the Snake
                  | Pit)
 24762 | Snake:3  | Received a gift from Okawaru
 24853 | Snake:3  | Noticed Louise
 24854 | Snake:3  | 24854 ||| INVOKING Heroism.
 24855 | Snake:3  | 24855 ||| INVOKING Finesse.
 24872 | Snake:3  | Killed Louise
 25013 | Snake:3  | 25013 ||| UPGRADING to +0 pair of gloves "Erirhaf" {rElec
                  | rC+ rCorr Dex-3}.
 25023 | Snake:3  | 25023 ||| UPGRADING to +0 tower shield.
 25033 | Snake:3  | 25033 ||| DROPPING +0 kite shield.
 25150 | Snake:2  | 25150 ||| Stepping ~*~*~tactically~*~*~ (hiding).
 25170 | Snake:2  | 25170 ||| INVOKING Heroism.
 25235 | Snake:2  | 25235 ||| INVOKING Heroism.
 25236 | Snake:2  | Identified the amulet of Qorchasuri {RegenMP Rampage
                  | Regen+}
 25252 | Snake:2  | HP: 21/104 [black mamba[a naga ritualist] (9)]
 25253 | Snake:2  | 25253 ||| READING scroll of teleportation.
 25254 | Snake:2  | 25254 ||| DRINKING 3 potions of heal wounds.
 25264 | Snake:2  | 25264 ||| Stepping ~*~*~tactically~*~*~ (stealth).
 25343 | Snake:2  | 25343 ||| Stepping ~*~*~tactically~*~*~ (stealth).
 25349 | Snake:2  | 25349 ||| INVOKING Heroism.
 25459 | Snake:2  | Reached skill level 14 in Shields
 25641 | Snake:2  | 25641 ||| INVOKING Heroism.
 26095 | Snake:2  | 26095 ||| DROPPING +1 cloak.
 26268 | Snake:3  | Received a gift from Okawaru
 26464 | Snake:3  | Found Umoigicsi's Jewellery Boutique.
 26465 | Snake:3  | 26465 ||| Stepping ~*~*~tactically~*~*~ (hiding).
 26466 | Snake:3  | 26466 ||| Stepping ~*~*~tactically~*~*~ (hiding).
 26480 | Snake:3  | 26480 ||| Stepping ~*~*~tactically~*~*~ (hiding).
 26490 | Snake:3  | 26490 ||| INVOKING Heroism.
 26751 | Snake:3  | 26751 ||| SHOPLISTING brooch of Shielding {Spirit SH+8}
                  | (1105 gold, have 498).
 26751 | Snake:3  | 26751 ||| BUYING ring of resist corrosion (340 gold).
 26751 | Snake:3  | Bought a ring of resist corrosion for 340 gold pieces
 26751 | Snake:3  | 26751 ||| SHOPLISTING ring of the Olives {Drain rCorr Str+3
                  | Dex+5} (649 gold, have 158).
 26777 | Snake:3  | 26777 ||| Stepping ~*~*~tactically~*~*~ (hiding).
 27034 | Snake:3  | 27034 ||| PLANNING SHOALS:1-3
 27034 | Snake:3  | 27034 ||| DROPPING +2 chain mail of poison resistance.
 27176 | Shoals:1 | Entered Level 1 of the Shoals
 27201 | Shoals:1 | Received a gift from Okawaru
 27207 | Shoals:1 | Reached skill level 15 in Shields
 27241 | Shoals:1 | 27241 ||| INVOKING Heroism.
 27430 | Shoals:1 | 27430 ||| Stepping ~*~*~tactically~*~*~ (hiding).
 27470 | Shoals:1 | 27470 ||| Stepping ~*~*~tactically~*~*~ (hiding).
 27471 | Shoals:1 | 27471 ||| Stepping ~*~*~tactically~*~*~ (hiding).
 27476 | Shoals:1 | 27476 ||| Stepping ~*~*~tactically~*~*~ (hiding).
 27477 | Shoals:1 | 27477 ||| Stepping ~*~*~tactically~*~*~ (hiding).
 28216 | Shoals:2 | 28216 ||| INVOKING Heroism.
 28234 | Shoals:2 | HP: 14/104 [satyr/arrow (15)]
 28235 | Shoals:2 | 28235 ||| READING 3 scrolls of teleportation.
 28236 | Shoals:2 | 28236 ||| DRINKING 5 potions of heal wounds.
 28291 | Shoals:2 | 28291 ||| INVOKING Heroism.
 28295 | Shoals:2 | Reached XP level 17. HP: 65/108 MP: 21/24
 28410 | Shoals:2 | 28410 ||| INVOKING Heroism.
 28496 | Shoals:2 | Reached skill level 16 in Shields
 28597 | Shoals:2 | 28597 ||| Stepping ~*~*~tactically~*~*~ (hiding).
 28598 | Shoals:2 | 28598 ||| Stepping ~*~*~tactically~*~*~ (hiding).
 28599 | Shoals:2 | 28599 ||| Stepping ~*~*~tactically~*~*~ (hiding).
 28601 | Shoals:2 | 28601 ||| INVOKING Heroism.
 28713 | Shoals:2 | 28713 ||| FLEEEEING.
 28714 | Shoals:2 | 28714 ||| FLEEEEING.
 28715 | Shoals:2 | 28715 ||| FLEEEEING.
 28721 | Shoals:2 | 28721 ||| Stepping ~*~*~tactically~*~*~ (hiding).
 28722 | Shoals:2 | 28722 ||| Stepping ~*~*~tactically~*~*~ (hiding).
 28723 | Shoals:2 | 28723 ||| Stepping ~*~*~tactically~*~*~ (hiding).
 28726 | Shoals:2 | 28726 ||| Stepping ~*~*~tactically~*~*~ (hiding).
 28738 | Shoals:2 | 28738 ||| INVOKING Heroism.
 28910 | Shoals:2 | 28910 ||| INVOKING Heroism.
 28945 | Shoals:2 | 28945 ||| DROPPING +4 ring of protection.
 28957 | Shoals:3 | Found Lubyfrol's Antique Armour Emporium.
 28966 | Shoals:3 | 28966 ||| INVOKING Heroism.
 29042 | Shoals:3 | 29042 ||| FLEEEEING.
 29043 | Shoals:3 | 29043 ||| FLEEEEING.
 29044 | Shoals:3 | 29044 ||| FLEEEEING.
 29045 | Shoals:3 | 29045 ||| FLEEEEING.
 29046 | Shoals:3 | 29046 ||| FLEEEEING.
 29047 | Shoals:3 | 29047 ||| FLEEEEING.
 29048 | Shoals:3 | 29048 ||| STAIRDANCE
 29050 | Shoals:2 | 29050 ||| FLEEEEING.
 29051 | Shoals:2 | 29051 ||| FLEEEEING.
 29052 | Shoals:2 | 29052 ||| FLEEEEING.
 29053 | Shoals:2 | 29053 ||| FLEEEEING.
 29054 | Shoals:2 | 29054 ||| FLEEEEING.
 29055 | Shoals:2 | 29055 ||| FLEEEEING.
 29056 | Shoals:2 | 29056 ||| FLEEEEING.
 29057 | Shoals:2 | 29057 ||| FLEEEEING.
 29062 | Shoals:2 | 29062 ||| INVOKING Heroism.
 29213 | Shoals:2 | 29213 ||| INVOKING Heroism.
 29230 | Shoals:2 | Identified the +2 battleaxe "Duqouse" {flame, rPois rC+
                  | Will+++ Stlth-}
 29651 | Shoals:2 | Noticed a kraken
 29659 | Shoals:2 | Killed a kraken
 29660 | Shoals:2 | Reached skill level 17 in Shields
 29788 | Shoals:2 | 29788 ||| READING 17 scrolls of identify.
 29788 | Shoals:2 | 29788 ||| IDENTIFYING bubbling yellow potion
 29811 | Shoals:3 | 29811 ||| INVOKING Heroism.
 29875 | Shoals:3 | Found Cyokea's Book Shoppe.
 29882 | Shoals:3 | 29882 ||| READING scroll of enchant weapon.
 29882 | Shoals:3 | 29882 ||| ENCHANTING +2 broad axe of freezing.
 29903 | Shoals:3 | 29903 ||| INVOKING Heroism.
 29996 | Shoals:3 | Received a gift from Okawaru
 30001 | Shoals:3 | Found a transporter.
 30114 | Shoals:3 | 30114 ||| READING scroll of enchant weapon.
 30114 | Shoals:3 | 30114 ||| ENCHANTING +3 broad axe of freezing.
 30129 | Shoals:3 | 30129 ||| INVOKING Heroism.
 30338 | Shoals:3 | Noticed Ilsuiw
 30339 | Shoals:3 | 30339 ||| INVOKING Heroism.
 30340 | Shoals:3 | 30340 ||| INVOKING Finesse.
 30368 | Shoals:3 | Killed Ilsuiw
 30747 | Shoals:3 | Noticed Donald
 30748 | Shoals:3 | 30748 ||| INVOKING Heroism.
 30755 | Shoals:3 | Killed Donald
 30806 | Shoals:3 | 30806 ||| Stepping ~*~*~tactically~*~*~ (hiding).
 30807 | Shoals:3 | 30807 ||| Stepping ~*~*~tactically~*~*~ (hiding).
 30808 | Shoals:3 | 30808 ||| Stepping ~*~*~tactically~*~*~ (hiding).
 30827 | Shoals:3 | Found a transporter.
 30827 | Shoals:3 | Found Moane's General Store.
 30956 | Shoals:3 | Found Vuvvomp's Distillery.
 30967 | Shoals:3 | 30967 ||| BUYING 2 potions of heal wounds (140 gold).
 30967 | Shoals:3 | Bought 2 potions of heal wounds for 140 gold pieces
 30967 | Shoals:3 | 30967 ||| BUYING potion of cancellation (112 gold).
 30967 | Shoals:3 | Bought a potion of cancellation for 112 gold pieces
 30967 | Shoals:3 | 30967 ||| BUYING potion of curing (42 gold).
 30967 | Shoals:3 | Bought a potion of curing for 42 gold pieces
 30967 | Shoals:3 | 30967 ||| BUYING potion of heal wounds (70 gold).
 30967 | Shoals:3 | Bought a potion of heal wounds for 70 gold pieces
 30967 | Shoals:3 | 30967 ||| SHOPLISTING potion of resistance (140 gold, have
                  | 70).
 31011 | Shoals:3 | 31011 ||| PLANNING SNAKE:4
 31180 | Snake:4  | Entered Level 4 of the Snake Pit
 31181 | Snake:4  | 31181 ||| INVOKING Heroism.
 31211 | Snake:4  | 31211 ||| INVOKING Heroism.
 31214 | Snake:4  | Received a gift from Okawaru
 31384 | Snake:4  | Identified the +2 pair of gloves "Nanieg" {rElec Int+4}
 31442 | Snake:4  | 31442 ||| Stepping ~*~*~tactically~*~*~ (stealth).
 31451 | Snake:4  | 31451 ||| Stepping ~*~*~tactically~*~*~ (stealth).
 31452 | Snake:4  | 31452 ||| Stepping ~*~*~tactically~*~*~ (stealth).
 31485 | Snake:4  | Identified the +2 hand axe of Balance {flame, rCorr}
 31486 | Snake:4  | 31486 ||| INVOKING Heroism.
 31613 | Snake:4  | 31613 ||| Stepping ~*~*~tactically~*~*~ (stealth).
 31614 | Snake:4  | 31614 ||| Stepping ~*~*~tactically~*~*~ (stealth).
 31623 | Snake:4  | 31623 ||| Stepping ~*~*~tactically~*~*~ (hiding).
 31624 | Snake:4  | 31624 ||| Stepping ~*~*~tactically~*~*~ (hiding).
 31641 | Snake:4  | 31641 ||| INVOKING Heroism.
 31643 | Snake:4  | Found a runed translucent gate.
 31644 | Snake:4  | Found a runed translucent gate.
 31645 | Snake:4  | Found a runed translucent gate.
 31654 | Snake:4  | Noticed qw's ghost (adept GrHu)
 31668 | Snake:4  | 31668 ||| DROPPING -1 demon whip of venom.
 31669 | Snake:4  | 31669 ||| DROPPING +0 morningstar.
 31831 | Snake:4  | 31831 ||| Stepping ~*~*~tactically~*~*~ (stealth).
 31930 | Snake:4  | Received a gift from Okawaru
 31964 | Snake:4  | 31964 ||| Stepping ~*~*~tactically~*~*~ (hiding).
 31970 | Snake:4  | 31970 ||| INVOKING Heroism.
 32044 | Snake:4  | 32044 ||| Stepping ~*~*~tactically~*~*~ (hiding).
 32131 | Snake:4  | 32131 ||| Stepping ~*~*~tactically~*~*~ (stealth).
 32514 | Snake:4  | 32514 ||| INVOKING Heroism.
 32527 | Snake:4  | Reached XP level 18. HP: 107/114 MP: 23/25
 32529 | Snake:4  | Reached skill level 18 in Axes
 32592 | Snake:4  | 32592 ||| INVOKING Heroism.
 32678 | Snake:4  | 32678 ||| Stepping ~*~*~tactically~*~*~ (hiding).
 32684 | Snake:4  | 32684 ||| INVOKING Heroism.
 32698 | Snake:4  | Received a gift from Okawaru
 32730 | Snake:4  | 32730 ||| Stepping ~*~*~tactically~*~*~ (stealth).
 32881 | Snake:4  | 32881 ||| INVOKING Heroism.
 32900 | Snake:4  | Got a serpentine rune of Zot
 32921 | Snake:4  | 32921 ||| Stepping ~*~*~tactically~*~*~ (hiding).
 33135 | Snake:4  | Received a gift from Okawaru
 33241 | Snake:4  | 33241 ||| DROPPING +2 pair of gloves.
 33242 | Snake:4  | 33242 ||| PLANNING VAULTS:1-4
 33538 | Vaults:1 | Entered Level 1 of the Vaults
 33544 | Vaults:1 | 33544 ||| Stepping ~*~*~tactically~*~*~ (hiding).
 33561 | Vaults:1 | Reached skill level 18 in Shields
 33626 | Vaults:1 | 33626 ||| INVOKING Heroism.
 33627 | Vaults:1 | 33627 ||| INVOKING Finesse.
 33632 | Vaults:1 | Received a gift from Okawaru
 33790 | Vaults:1 | You are sucked into a shaft and drop 1 floor!
 33800 | Vaults:2 | Received a gift from Okawaru
 33836 | Vaults:2 | Found a gateway to a bazaar.
 33839 | Vaults:2 | 33839 ||| PLANNING BAZAAR
 34014 | Vaults:2 | 34014 ||| UPGRADING to +3 plate armour.
 34024 | Vaults:2 | 34024 ||| DROPPING +0 plate armour.
 34025 | Vaults:2 | 34025 ||| DROPPING +4 swamp dragon scales of Atheism
                  | {Rampage *Corrode rElec rPois rC+}.
 34027 | Bazaar   | Entered a bazaar
 34031 | Bazaar   | Found Ithrosume's Antique Armour Boutique.
 34040 | Bazaar   | Found Biecw's Antique Weapon Boutique.
 34051 | Bazaar   | Found Unteanug's Magic Scroll Emporium.
 34059 | Bazaar   | 34059 ||| BUYING scroll of teleportation (27 gold).
 34059 | Bazaar   | Bought a scroll of teleportation for 27 gold pieces
 34059 | Bazaar   | 34059 ||| BUYING scroll of teleportation (27 gold).
 34059 | Bazaar   | Bought a scroll of teleportation for 27 gold pieces
 34059 | Bazaar   | 34059 ||| BUYING scroll of teleportation (27 gold).
 34059 | Bazaar   | Bought a scroll of teleportation for 27 gold pieces
 34068 | Bazaar   | Found Vaallunn's General Store.
 34068 | Bazaar   | Found Cibiqik's Jewellery Shop.
 34076 | Bazaar   | 34076 ||| BUYING scroll of teleportation (33 gold).
 34076 | Bazaar   | Bought a scroll of teleportation for 33 gold pieces
 34109 | Vaults:2 | 34109 ||| PLANNING VAULTS:1-4
 34150 | Vaults:1 | Noticed Lianjan's ghost (adept GnWr)
 34161 | Vaults:1 | Found a transporter.
 34188 | Vaults:1 | Noticed Aizul
 34188 | Vaults:1 | 34188 ||| INVOKING Heroism.
 34189 | Vaults:1 | 34189 ||| INVOKING Finesse.
 34199 | Vaults:1 | Received a gift from Okawaru
 34213 | Vaults:1 | Killed Aizul
 34261 | Vaults:1 | Found a transporter.
 34320 | Vaults:1 | 34320 ||| INVOKING Heroism.
 34322 | Vaults:1 | Received a gift from Okawaru
 34329 | Vaults:1 | Reached skill level 15 in Fighting
 34338 | Vaults:1 | HP: 15/119 [frost giant/+2 battleaxe of freezing (15)]
 34339 | Vaults:1 | 34339 ||| READING 7 scrolls of teleportation.
 34339 | Vaults:1 | HP: 1/119 [frost giant/+2 battleaxe of freezing (13)]
 34340 | Vaults:1 | 34340 ||| DRINKING 7 potions of heal wounds.
 34341 | Vaults:1 | 34341 ||| DRINKING 6 potions of heal wounds.
 34343 | Vaults:1 | Identified the +0 kite shield of Intercession {rCorr}
                  | (Okawaru gifted it to you on level 1 of the Vaults)
 34343 | Vaults:1 | Received a gift from Okawaru
 34659 | Vaults:1 | 34659 ||| Stepping ~*~*~tactically~*~*~ (stealth).
 34662 | Vaults:1 | 34662 ||| Stepping ~*~*~tactically~*~*~ (stealth).
 34687 | Vaults:1 | 34687 ||| INVOKING Heroism.
 34688 | Vaults:1 | 34688 ||| INVOKING Finesse.
 34698 | Vaults:1 | 34698 ||| Stepping ~*~*~tactically~*~*~ (hiding).
 34699 | Vaults:1 | 34699 ||| Stepping ~*~*~tactically~*~*~ (hiding).
 34724 | Vaults:1 | 34724 ||| Stepping ~*~*~tactically~*~*~ (stealth).
 34732 | Vaults:1 | 34732 ||| Stepping ~*~*~tactically~*~*~ (stealth).
 34734 | Vaults:1 | 34734 ||| Stepping ~*~*~tactically~*~*~ (stealth).
 34735 | Vaults:1 | 34735 ||| Stepping ~*~*~tactically~*~*~ (stealth).
 34747 | Vaults:1 | 34747 ||| Stepping ~*~*~tactically~*~*~ (stealth).
 34760 | Vaults:1 | 34760 ||| Stepping ~*~*~tactically~*~*~ (hiding).
 34877 | Vaults:1 | 34877 ||| Stepping ~*~*~tactically~*~*~ (hiding).
 34982 | Vaults:1 | 34982 ||| INVOKING Heroism.
 35100 | Vaults:1 | 35100 ||| Stepping ~*~*~tactically~*~*~ (hiding).
 35206 | Vaults:1 | 35206 ||| READING scroll of enchant armour.
 35206 | Vaults:1 | 35206 ||| ENCHANTING +1 helmet.
 35252 | Vaults:1 | 35252 ||| Stepping ~*~*~tactically~*~*~ (hiding).
 35454 | Vaults:1 | 35454 ||| Stepping ~*~*~tactically~*~*~ (hiding).
 35656 | Vaults:1 | Reached XP level 19. HP: 124/124 MP: 26/26
 35706 | Vaults:1 | 35706 ||| READING 17 scrolls of identify.
 35706 | Vaults:1 | 35706 ||| IDENTIFYING viscous coppery potion
 35707 | Vaults:1 | 35707 ||| DROPPING potion of degeneration.
 35767 | Vaults:2 | 35767 ||| Stepping ~*~*~tactically~*~*~ (hiding).
 35872 | Vaults:2 | 35872 ||| Stepping ~*~*~tactically~*~*~ (hiding).
 35874 | Vaults:2 | 35874 ||| Stepping ~*~*~tactically~*~*~ (hiding).
 35882 | Vaults:2 | Reached skill level 15 in Armour
 35897 | Vaults:2 | Noticed Margery
 35898 | Vaults:2 | 35898 ||| Stepping ~*~*~tactically~*~*~ (stealth).
 35900 | Vaults:2 | 35900 ||| DRINKING 2 potions of resistance.
 35901 | Vaults:2 | 35901 ||| INVOKING Heroism.
 35902 | Vaults:2 | 35902 ||| INVOKING Finesse.
 35914 | Vaults:2 | Killed Margery
 36089 | Vaults:2 | 36089 ||| Stepping ~*~*~tactically~*~*~ (hiding).
 36092 | Vaults:2 | 36092 ||| Stepping ~*~*~tactically~*~*~ (hiding).
 36282 | Vaults:2 | 36282 ||| Stepping ~*~*~tactically~*~*~ (hiding).
 36311 | Vaults:2 | Reached skill level 9 in Throwing
 36414 | Vaults:2 | Identified the +0 broad axe of Mayhem {elec, rF- rCorr
                  | MP+9} (Okawaru gifted it to you on level 2 of the Vaults)
 36414 | Vaults:2 | Received a gift from Okawaru
 36438 | Vaults:2 | 36438 ||| DROPPING +2 hand axe of Balance {flame, rCorr}.
 36488 | Vaults:2 | 36488 ||| INVOKING Heroism.
 36699 | Vaults:2 | Noticed a golden dragon
 36699 | Vaults:2 | a golden dragon changed into a caustic shrike
 36699 | Vaults:2 | Noticed a caustic shrike (glowing shapeshifter)
 36862 | Vaults:2 | 36862 ||| Stepping ~*~*~tactically~*~*~ (hiding).
 36982 | Vaults:2 | 36982 ||| FLEEEEING.
 36983 | Vaults:2 | 36983 ||| FLEEEEING.
 36984 | Vaults:2 | 36984 ||| FLEEEEING.
 36985 | Vaults:2 | 36985 ||| FLEEEEING.
 36986 | Vaults:2 | 36986 ||| FLEEEEING.
 37337 | Vaults:2 | 37337 ||| Stepping ~*~*~tactically~*~*~ (hiding).
 37338 | Vaults:2 | 37338 ||| Stepping ~*~*~tactically~*~*~ (hiding).
 37601 | Vaults:2 | Reached skill level 19 in Shields
 37620 | Vaults:2 | 37620 ||| UPGRADING to +2 pair of boots.
 37630 | Vaults:2 | 37630 ||| DROPPING +1 pair of boots.
 37631 | Vaults:2 | 37631 ||| DROPPING amulet of the acrobat.
 37660 | Vaults:3 | 37660 ||| STAIRDANCE
 37666 | Vaults:2 | Received a gift from Okawaru
 37671 | Vaults:2 | 37671 ||| INVOKING Heroism.
 37795 | Vaults:3 | 37795 ||| Stepping ~*~*~tactically~*~*~ (stealth).
 37800 | Vaults:3 | 37800 ||| Stepping ~*~*~tactically~*~*~ (hiding).
 37815 | Vaults:3 | 37815 ||| Stepping ~*~*~tactically~*~*~ (hiding).
 37830 | Vaults:3 | 37830 ||| FLEEEEING.
 37831 | Vaults:3 | 37831 ||| FLEEEEING.
 38103 | Vaults:3 | 38103 ||| Stepping ~*~*~tactically~*~*~ (hiding).
 38179 | Vaults:3 | 38179 ||| INVOKING Heroism.
 38180 | Vaults:3 | 38180 ||| INVOKING Finesse.
 38210 | Vaults:3 | 38210 ||| FLEEEEING.
 38211 | Vaults:3 | 38211 ||| FLEEEEING.
 38212 | Vaults:3 | 38212 ||| FLEEEEING.
 38213 | Vaults:3 | 38213 ||| INVOKING Heroism.
 38324 | Vaults:3 | 38324 ||| FLEEEEING.
 38410 | Vaults:3 | 38410 ||| INVOKING Heroism.
 38415 | Vaults:3 | Received a gift from Okawaru
 38635 | Vaults:3 | 38635 ||| Stepping ~*~*~tactically~*~*~ (stealth).
 38638 | Vaults:3 | 38638 ||| Stepping ~*~*~tactically~*~*~ (stealth).
 38639 | Vaults:3 | 38639 ||| Stepping ~*~*~tactically~*~*~ (stealth).
 38641 | Vaults:3 | 38641 ||| Stepping ~*~*~tactically~*~*~ (stealth).
 38661 | Vaults:3 | 38661 ||| INVOKING Heroism.
 38672 | Vaults:3 | 38672 ||| Stepping ~*~*~tactically~*~*~ (hiding).
 38678 | Vaults:3 | 38678 ||| Stepping ~*~*~tactically~*~*~ (hiding).
 39102 | Vaults:3 | Found a staircase to the Crypt.
 39106 | Vaults:3 | 39106 ||| FLEEEEING.
 39107 | Vaults:3 | 39107 ||| FLEEEEING.
 39108 | Vaults:3 | 39108 ||| FLEEEEING.
 39114 | Vaults:3 | 39114 ||| FLEEEEING.
 39115 | Vaults:3 | 39115 ||| FLEEEEING.
 39116 | Vaults:3 | 39116 ||| FLEEEEING.
 39117 | Vaults:3 | 39117 ||| FLEEEEING.
 39118 | Vaults:3 | 39118 ||| FLEEEEING.
 39119 | Vaults:3 | 39119 ||| FLEEEEING.
 39120 | Vaults:3 | 39120 ||| FLEEEEING.
 39121 | Vaults:3 | 39121 ||| FLEEEEING.
 39122 | Vaults:3 | 39122 ||| FLEEEEING.
 39123 | Vaults:3 | 39123 ||| FLEEEEING.
 39124 | Vaults:3 | 39124 ||| FLEEEEING.
 39125 | Vaults:3 | 39125 ||| FLEEEEING.
 39126 | Vaults:3 | 39126 ||| FLEEEEING.
 39127 | Vaults:3 | 39127 ||| FLEEEEING.
 39128 | Vaults:3 | 39128 ||| FLEEEEING.
 39129 | Vaults:3 | 39129 ||| FLEEEEING.
 39130 | Vaults:3 | 39130 ||| FLEEEEING.
 39131 | Vaults:3 | 39131 ||| FLEEEEING.
 39132 | Vaults:3 | 39132 ||| FLEEEEING.
 39133 | Vaults:3 | 39133 ||| FLEEEEING.
 39134 | Vaults:3 | 39134 ||| FLEEEEING.
 39135 | Vaults:3 | 39135 ||| FLEEEEING.
 39136 | Vaults:3 | 39136 ||| FLEEEEING.
 39137 | Vaults:3 | 39137 ||| FLEEEEING.
 39328 | Vaults:3 | 39328 ||| Stepping ~*~*~tactically~*~*~ (hiding).
 39341 | Vaults:3 | Received a gift from Okawaru
 39581 | Vaults:3 | 39581 ||| Stepping ~*~*~tactically~*~*~ (hiding).
 39590 | Vaults:3 | Reached XP level 20. HP: 132/132 MP: 27/27
 39833 | Vaults:4 | Identified the ring "Isavoiwk" {rElec rN++ Dex+6}
 39858 | Vaults:4 | 39858 ||| Stepping ~*~*~tactically~*~*~ (hiding).
 39859 | Vaults:4 | 39859 ||| Stepping ~*~*~tactically~*~*~ (hiding).
 39866 | Vaults:4 | Reached ****** piety under Okawaru
 39896 | Vaults:4 | Identified the +0 cloak of Xuperroopp {Rampage *Corrode rC+
                  | Dex+7}
 39995 | Vaults:4 | 39995 ||| INVOKING Heroism.
 40176 | Vaults:4 | 40176 ||| Stepping ~*~*~tactically~*~*~ (stealth).
 40257 | Vaults:4 | 40257 ||| Stepping ~*~*~tactically~*~*~ (stealth).
 40258 | Vaults:4 | 40258 ||| Stepping ~*~*~tactically~*~*~ (stealth).
 40414 | Vaults:4 | 40414 ||| Stepping ~*~*~tactically~*~*~ (hiding).
 40523 | Vaults:4 | Paralysed by a great orb of eyes for 5 turns
 40529 | Vaults:4 | 40529 ||| INVOKING Heroism.
 40543 | Vaults:4 | Received a gift from Okawaru
 40730 | Vaults:4 | 40730 ||| Stepping ~*~*~tactically~*~*~ (stealth).
 40781 | Vaults:4 | Identified the +1 war axe of Ocrihagh {freeze, rF+}
                  | (Okawaru gifted it to you on level 4 of the Vaults)
 40781 | Vaults:4 | Received a gift from Okawaru
 40786 | Vaults:4 | 40786 ||| DROPPING +1 war axe of Ocrihagh {freeze, rF+}.
 40788 | Vaults:4 | 40788 ||| Stepping ~*~*~tactically~*~*~ (stealth).
 40792 | Vaults:4 | 40792 ||| Stepping ~*~*~tactically~*~*~ (hiding).
 40944 | Vaults:4 | 40944 ||| Stepping ~*~*~tactically~*~*~ (stealth).
 40947 | Vaults:4 | 40947 ||| Stepping ~*~*~tactically~*~*~ (stealth).
 41038 | Vaults:4 | 41038 ||| FLEEEEING.
 41039 | Vaults:4 | 41039 ||| FLEEEEING.
 41040 | Vaults:4 | 41040 ||| FLEEEEING.
 41041 | Vaults:4 | 41041 ||| FLEEEEING.
 41042 | Vaults:4 | 41042 ||| FLEEEEING.
 41043 | Vaults:4 | 41043 ||| FLEEEEING.
 41044 | Vaults:4 | 41044 ||| FLEEEEING.
 41048 | Vaults:4 | 41048 ||| FLEEEEING.
 41049 | Vaults:4 | 41049 ||| FLEEEEING.
 41050 | Vaults:4 | 41050 ||| FLEEEEING.
 41051 | Vaults:4 | 41051 ||| FLEEEEING.
 41052 | Vaults:4 | 41052 ||| FLEEEEING.
 41053 | Vaults:4 | 41053 ||| FLEEEEING.
 41064 | Vaults:4 | 41064 ||| FLEEEEING.
 41065 | Vaults:4 | 41065 ||| FLEEEEING.
 41067 | Vaults:4 | 41067 ||| Stepping ~*~*~tactically~*~*~ (hiding).
 41227 | Vaults:4 | Paralysed by a sphinx for 4 turns
 41498 | Vaults:4 | 41498 ||| Stepping ~*~*~tactically~*~*~ (hiding).
 41503 | Vaults:4 | Received a gift from Okawaru
 41629 | Vaults:4 | 41629 ||| Stepping ~*~*~tactically~*~*~ (stealth).
 41637 | Abyss:2  | Found a corrupted altar of Lugonu.
 41637 | Abyss:2  | Cast into level 2 of the Abyss (a wizard)
 41665 | Abyss:2  | Found a corrupted altar of Lugonu.
 41679 | Abyss:2  | 41679 ||| Stepping ~*~*~tactically~*~*~ (stealth).
 41717 | Abyss:2  | Gained mutation: You are vulnerable to heat. (rF-) [a
                  | neqoxec]
 41720 | Abyss:2  | 41720 ||| DRINKING 6 potions of mutation.
 41720 | Abyss:2  | Lost mutation: You occasionally shout uncontrollably at
                  | your foes. [potion of mutation]
 41720 | Abyss:2  | Lost mutation: You are agile. (Dex +4, Str/Int -1) [potion
                  | of mutation]
 41720 | Abyss:2  | Lost mutation: You are vulnerable to heat. (rF-) [potion of
                  | mutation]
 41720 | Abyss:2  | Gained mutation: Your movements are slightly less
                  | encumbered by armour. (ER -2) [potion of mutation]
 41720 | Abyss:2  | Gained mutation: You are occasionally teleported next to
                  | monsters. [potion of mutation]
 41720 | Abyss:2  | Gained mutation: Your natural rate of healing is unusually
                  | fast. [potion of mutation]
 41721 | Abyss:2  | 41721 ||| DRINKING 5 potions of mutation.
 41721 | Abyss:2  | Lost mutation: Your natural rate of healing is unusually
                  | fast. [potion of mutation]
 41721 | Abyss:2  | Lost mutation: You are occasionally teleported next to
                  | monsters. [potion of mutation]
 41721 | Abyss:2  | Lost mutation: Your movements are slightly less encumbered
                  | by armour. (ER -2) [potion of mutation]
 41721 | Abyss:2  | Gained mutation: You are somewhat resistant to further
                  | mutation. [potion of mutation]
 41721 | Abyss:2  | Gained mutation: Your mind is acute. (Int +4, Str/Dex -1)
                  | [potion of mutation]
 41777 | Abyss:2  | 41777 ||| Stepping ~*~*~tactically~*~*~ (stealth).
 41817 | Abyss:2  | 41817 ||| Stepping ~*~*~tactically~*~*~ (stealth).
 41845 | Abyss:2  | 41845 ||| Stepping ~*~*~tactically~*~*~ (stealth).
 41846 | Abyss:2  | 41846 ||| Stepping ~*~*~tactically~*~*~ (stealth).
 41849 | Abyss:2  | 41849 ||| Stepping ~*~*~tactically~*~*~ (stealth).
 41850 | Abyss:2  | 41850 ||| Stepping ~*~*~tactically~*~*~ (stealth).
 41851 | Abyss:2  | 41851 ||| Stepping ~*~*~tactically~*~*~ (stealth).
 41858 | Abyss:2  | 41858 ||| Stepping ~*~*~tactically~*~*~ (hiding).
 41859 | Abyss:2  | 41859 ||| Stepping ~*~*~tactically~*~*~ (hiding).
 41860 | Abyss:2  | 41860 ||| Stepping ~*~*~tactically~*~*~ (hiding).
 41861 | Abyss:2  | 41861 ||| Stepping ~*~*~tactically~*~*~ (hiding).
 41867 | Abyss:2  | 41867 ||| INVOKING Heroism.
 41904 | Abyss:2  | 41904 ||| Stepping ~*~*~tactically~*~*~ (stealth).
 41916 | Abyss:2  | 41916 ||| INVOKING Heroism.
 41928 | Abyss:2  | Reached skill level 18 in Fighting
 41931 | Abyss:2  | Gained mutation: Your magical capacity is low. (-10% MP) [a
                  | neqoxec]
 41994 | Abyss:2  | 41994 ||| Stepping ~*~*~tactically~*~*~ (hiding).
 42082 | Abyss:2  | Identified the +5 ring mail of Okawaru's Indignation
                  | {Dex+2} (Okawaru gifted it to you on level 2 of the Abyss)
 42082 | Abyss:2  | Received a gift from Okawaru
 42114 | Abyss:2  | 42114 ||| Stepping ~*~*~tactically~*~*~ (stealth).
 42125 | Abyss:2  | 42125 ||| Stepping ~*~*~tactically~*~*~ (hiding).
 42144 | Vaults:4 | Escaped the Abyss
 42527 | Vaults:4 | 42527 ||| PLANNING SHOALS:4
 42527 | Vaults:4 | 42527 ||| UPGRADING to +2 plate armour of willpower.
 42537 | Vaults:4 | 42537 ||| UPGRADING to +0 cloak of Xuperroopp {Rampage
                  | *Corrode rC+ Dex+7}.
 42547 | Vaults:4 | 42547 ||| UPGRADING to +2 pair of gloves "Nanieg" {rElec
                  | Int+4}.
 42557 | Vaults:4 | 42557 ||| DROPPING +0 helmet of intelligence.
 42558 | Vaults:4 | 42558 ||| DROPPING ring "Isavoiwk" {rElec rN++ Dex+6}.
 42916 | Shoals:4 | Entered Level 4 of the Shoals
 42918 | Shoals:4 | Noticed Polyphemus
 42940 | Shoals:4 | Killed Polyphemus
 43063 | Shoals:4 | Identified the +0 leather armour of Stoicism {rF- Regen+
                  | Str-5 Slay+6}
 43068 | Shoals:4 | 43068 ||| DROPPING +1 war axe of venom.
 43194 | Shoals:4 | 43194 ||| INVOKING Heroism.
 43195 | Shoals:4 | 43195 ||| INVOKING Finesse.
 43200 | Shoals:4 | Reached skill level 6 in Dodging
 43223 | Shoals:4 | 43223 ||| Stepping ~*~*~tactically~*~*~ (hiding).
 43316 | Shoals:4 | Got a barnacled rune of Zot
 43367 | Shoals:4 | 43367 ||| INVOKING Heroism.
 43540 | Shoals:4 | 43540 ||| Stepping ~*~*~tactically~*~*~ (hiding).
 43541 | Shoals:4 | 43541 ||| Stepping ~*~*~tactically~*~*~ (hiding).
 43542 | Shoals:4 | 43542 ||| Stepping ~*~*~tactically~*~*~ (hiding).
 43543 | Shoals:4 | 43543 ||| Stepping ~*~*~tactically~*~*~ (hiding).
 43547 | Shoals:4 | 43547 ||| INVOKING Heroism.
 43548 | Shoals:4 | 43548 ||| INVOKING Finesse.
 43557 | Shoals:4 | Reached XP level 21. HP: 127/141 MP: 17/25
 43569 | Shoals:4 | 43569 ||| Stepping ~*~*~tactically~*~*~ (hiding).
 43570 | Shoals:4 | 43570 ||| Stepping ~*~*~tactically~*~*~ (hiding).
 43571 | Shoals:4 | 43571 ||| Stepping ~*~*~tactically~*~*~ (hiding).
 43689 | Shoals:4 | Found Nuisiroi's Magic Scroll Shoppe.
 43692 | Shoals:4 | 43692 ||| BUYING scroll of brand weapon (104 gold).
 43692 | Shoals:4 | Bought a scroll of brand weapon for 104 gold pieces
 43692 | Shoals:4 | 43692 ||| BUYING scroll of enchant armour (82 gold).
 43692 | Shoals:4 | Bought a scroll of enchant armour for 82 gold pieces
 43692 | Shoals:4 | 43692 ||| BUYING scroll of enchant weapon (82 gold).
 43692 | Shoals:4 | Bought a scroll of enchant weapon for 82 gold pieces
 43692 | Shoals:4 | 43692 ||| READING scroll of brand weapon.
 43692 | Shoals:4 | 43692 ||| BRANDING +4 broad axe of freezing.
 43693 | Shoals:4 | 43693 ||| READING scroll of enchant armour.
 43693 | Shoals:4 | 43693 ||| ENCHANTING +2 plate armour of willpower.
 43694 | Shoals:4 | 43694 ||| READING scroll of enchant weapon.
 43694 | Shoals:4 | 43694 ||| ENCHANTING +4 spectral broad axe.
 43748 | Shoals:4 | Identified the +10 orcbow of Wisamoc {freeze, Str+6}
 43857 | Shoals:4 | 43857 ||| Stepping ~*~*~tactically~*~*~ (hiding).
 43924 | Shoals:4 | 43924 ||| FLEEEEING.
 43925 | Shoals:4 | 43925 ||| FLEEEEING.
 43926 | Shoals:4 | 43926 ||| FLEEEEING.
 43927 | Shoals:4 | 43927 ||| FLEEEEING.
 43928 | Shoals:4 | 43928 ||| FLEEEEING.
 43929 | Shoals:4 | 43929 ||| FLEEEEING.
 43930 | Shoals:4 | 43930 ||| FLEEEEING.
 43931 | Shoals:4 | 43931 ||| FLEEEEING.
 43932 | Shoals:4 | 43932 ||| FLEEEEING.
 43933 | Shoals:4 | 43933 ||| FLEEEEING.
 43934 | Shoals:4 | 43934 ||| FLEEEEING.
 43935 | Shoals:4 | 43935 ||| FLEEEEING.
 43936 | Shoals:4 | 43936 ||| FLEEEEING.
 43937 | Shoals:4 | 43937 ||| FLEEEEING.
 43938 | Shoals:4 | 43938 ||| FLEEEEING.
 44024 | Shoals:4 | Identified the staff of fire "Amaankin" {rF+ rCorr}
 44089 | Shoals:4 | HP: 27/141 [something (11)]
 44096 | Shoals:4 | HP: 28/141 [something (2)]
 44098 | Shoals:4 | 44098 ||| READING 8 scrolls of teleportation.
 44099 | Shoals:4 | 44099 ||| DRINKING 6 potions of heal wounds.
 44369 | Shoals:4 | 44369 ||| Stepping ~*~*~tactically~*~*~ (hiding).
 44370 | Shoals:4 | 44370 ||| Stepping ~*~*~tactically~*~*~ (hiding).
 44398 | Shoals:4 | Received a gift from Okawaru
 44453 | Shoals:4 | Identified the +1 scimitar "Omaewnoexo" {drain, *Rage rN+++
                  | Int+2 Dex+2}
 44652 | Shoals:4 | 44652 ||| PLANNING DEPTHS
 44652 | Shoals:4 | 44652 ||| DROPPING +3 plate armour.
 45037 | Depths:1 | Entered Level 1 of the Depths
 45038 | Depths:1 | 45038 ||| INVOKING Finesse.
 45135 | Depths:1 | 45135 ||| Stepping ~*~*~tactically~*~*~ (hiding).
 45137 | Depths:1 | 45137 ||| INVOKING Heroism.
 45138 | Depths:1 | 45138 ||| Stepping ~*~*~tactically~*~*~ (hiding).
 45140 | Depths:1 | 45140 ||| INVOKING Finesse.
 45146 | Depths:1 | Received a gift from Okawaru
 45147 | Depths:1 | 45147 ||| Stepping ~*~*~tactically~*~*~ (hiding).
 45162 | Depths:1 | 45162 ||| Stepping ~*~*~tactically~*~*~ (stealth).
 45333 | Depths:1 | 45333 ||| INVOKING Heroism.
 45334 | Depths:1 | 45334 ||| INVOKING Finesse.
 45344 | Depths:1 | Reached skill level 20 in Shields
 45368 | Depths:1 | 45368 ||| Stepping ~*~*~tactically~*~*~ (hiding).
 45369 | Depths:1 | 45369 ||| Stepping ~*~*~tactically~*~*~ (hiding).
 45382 | Depths:1 | 45382 ||| Stepping ~*~*~tactically~*~*~ (hiding).
 45396 | Depths:1 | 45396 ||| Stepping ~*~*~tactically~*~*~ (hiding).
 45397 | Depths:1 | 45397 ||| Stepping ~*~*~tactically~*~*~ (hiding).
 45413 | Depths:1 | 45413 ||| Stepping ~*~*~tactically~*~*~ (hiding).
 45414 | Depths:1 | 45414 ||| Stepping ~*~*~tactically~*~*~ (hiding).
 45423 | Depths:1 | 45423 ||| Stepping ~*~*~tactically~*~*~ (hiding).
 45580 | Depths:1 | 45580 ||| Stepping ~*~*~tactically~*~*~ (hiding).
 45675 | Depths:1 | 45675 ||| Stepping ~*~*~tactically~*~*~ (hiding).
 46039 | Depths:1 | 46039 ||| Stepping ~*~*~tactically~*~*~ (hiding).
 46040 | Depths:1 | 46040 ||| Stepping ~*~*~tactically~*~*~ (hiding).
 46045 | Depths:1 | Received a gift from Okawaru
 46048 | Depths:1 | 46048 ||| Stepping ~*~*~tactically~*~*~ (stealth).
 46060 | Depths:1 | Reached skill level 18 in Armour
 46092 | Depths:1 | Identified the ring "Erekumyo" {rC+ Will+ MP+9 Dex-5}
 46151 | Depths:1 | Found a stormy altar of Qazlal.
 46179 | Depths:1 | Received a gift from Okawaru
 46183 | Depths:1 | Found a gateway to Hell.
 46188 | Depths:1 | 46188 ||| INVOKING Heroism.
 46556 | Depths:1 | 46556 ||| DROPPING ring of see invisible.
 46581 | Depths:2 | 46581 ||| Stepping ~*~*~tactically~*~*~ (hiding).
 46585 | Depths:2 | 46585 ||| INVOKING Heroism.
 46604 | Depths:2 | 46604 ||| INVOKING Finesse.
 46611 | Depths:2 | 46611 ||| FLEEEEING.
 46612 | Depths:2 | 46612 ||| FLEEEEING.
 46614 | Depths:2 | 46614 ||| FLEEEEING.
 46617 | Depths:2 | 46617 ||| FLEEEEING.
 46618 | Depths:2 | 46618 ||| FLEEEEING.
 46620 | Depths:2 | 46620 ||| STAIRDANCE
 46815 | Depths:2 | 46815 ||| STAIRDANCE
 46817 | Depths:1 | 46817 ||| INVOKING Heroism.
 46818 | Depths:1 | 46818 ||| INVOKING Finesse.
 46947 | Depths:2 | 46947 ||| Stepping ~*~*~tactically~*~*~ (hiding).
 47074 | Depths:2 | 47074 ||| Stepping ~*~*~tactically~*~*~ (hiding).
 47087 | Depths:2 | 47087 ||| INVOKING Heroism.
 47156 | Depths:2 | 47156 ||| FLEEEEING.
 47278 | Depths:2 | 47278 ||| Stepping ~*~*~tactically~*~*~ (hiding).
 47297 | Depths:2 | 47297 ||| INVOKING Heroism.
 47477 | Depths:2 | 47477 ||| INVOKING Finesse.
 47491 | Depths:2 | Received a gift from Okawaru
 47512 | Depths:2 | 47512 ||| Stepping ~*~*~tactically~*~*~ (stealth).
 47514 | Depths:2 | 47514 ||| Stepping ~*~*~tactically~*~*~ (hiding).
 47541 | Depths:2 | 47541 ||| Stepping ~*~*~tactically~*~*~ (stealth).
 47601 | Depths:2 | 47601 ||| INVOKING Heroism.
 47602 | Depths:2 | 47602 ||| INVOKING Finesse.
 47652 | Depths:2 | 47652 ||| INVOKING Heroism.
 47666 | Depths:2 | 47666 ||| Stepping ~*~*~tactically~*~*~ (stealth).
 47673 | Depths:2 | 47673 ||| Stepping ~*~*~tactically~*~*~ (stealth).
 47681 | Depths:2 | Received a gift from Okawaru
 47752 | Depths:2 | 47752 ||| Stepping ~*~*~tactically~*~*~ (hiding).
 47762 | Depths:2 | 47762 ||| FLEEEEING.
 47763 | Depths:2 | 47763 ||| FLEEEEING.
 47764 | Depths:2 | 47764 ||| FLEEEEING.
 47804 | Depths:2 | Found a one-way gate leading to the halls of Pandemonium.
 47971 | Depths:2 | 47971 ||| Stepping ~*~*~tactically~*~*~ (hiding).
 48026 | Depths:2 | 48026 ||| Stepping ~*~*~tactically~*~*~ (hiding).
 48040 | Depths:2 | 48040 ||| INVOKING Heroism.
 48049 | Depths:2 | Received a gift from Okawaru
 48138 | Depths:2 | 48138 ||| INVOKING Heroism.
 48141 | Depths:2 | Reached XP level 22. HP: 136/149 MP: 23/26
 48537 | Depths:2 | 48537 ||| UPGRADING to scarf of resistance.
 48556 | Depths:3 | Noticed a dread lich
 48556 | Depths:3 | Noticed a dread lich
 48556 | Depths:3 | Noticed a dread lich
 48556 | Depths:3 | Found a one-way gateway to a ziggurat.
 48566 | Depths:3 | 48566 ||| INVOKING Heroism.
 48567 | Depths:3 | Received a gift from Okawaru
 48567 | Depths:3 | Noticed a caustic shrike
 48572 | Depths:3 | HP: 20/149 [spriggan air mage/the air (26)]
 48573 | Depths:3 | 48573 ||| READING 9 scrolls of teleportation.
 48574 | Depths:3 | 48574 ||| DRINKING 6 potions of heal wounds.
 48576 | Depths:3 | 48576 ||| DRINKING 5 potions of heal wounds.
 48578 | Depths:3 | Noticed Boris
 48584 | Depths:3 | HP: 37/149 [Boris (6)]
 48585 | Depths:3 | 48585 ||| READING 8 scrolls of teleportation.
 48589 | Depths:3 | Killed Boris
 48589 | Depths:3 | Received a gift from Okawaru
 48595 | Depths:3 | HP: 28/150 [frost giant/+2 battleaxe of freezing (13)]
 48596 | Depths:3 | 48596 ||| READING 7 scrolls of teleportation.
 48597 | Depths:3 | 48597 ||| DRINKING 4 potions of heal wounds.
 48598 | Depths:3 | 48598 ||| INVOKING Heroism.
 48612 | Depths:3 | HP: 31/150 [tengu reaver/bolt of cold (15)]
 48613 | Depths:3 | 48613 ||| READING 6 scrolls of teleportation.
 48614 | Depths:3 | 48614 ||| DRINKING 3 potions of heal wounds.
 48619 | Depths:3 | Found Koecomm's Distillery.
 48640 | Depths:3 | HP: 26/150 [caustic shrike (12)]
 48641 | Depths:3 | 48641 ||| READING 5 scrolls of teleportation.
 48641 | Depths:3 | HP: 6/150 [acid (8)]
 48642 | Depths:3 | 48642 ||| DRINKING 2 potions of heal wounds.
 48643 | Depths:3 | 48643 ||| DRINKING potion of heal wounds.
 48644 | Depths:3 | Killed a caustic shrike
 48646 | Depths:3 | 48646 ||| INVOKING Heroism.
 48659 | Depths:3 | 48659 ||| Stepping ~*~*~tactically~*~*~ (hiding).
 48663 | Depths:3 | Received a gift from Okawaru
 48665 | Depths:3 | 48665 ||| INVOKING Heroism.
 48666 | Depths:3 | HP: 28/152 [ice dragon/blast of cold (13)]
 48667 | Depths:3 | 48667 ||| READING 4 scrolls of teleportation.
 48672 | Depths:3 | HP: 15/152 [elephant[a spriggan berserker] (1)]
 48673 | Depths:3 | HP: 7/152 [something[a spriggan berserker] (8)]
 49005 | Depths:3 | 49005 ||| INVOKING Heroism.
 49383 | Depths:3 | Found a one-way gate to the infinite horrors of the Abyss.
 49399 | Depths:3 | 49399 ||| Stepping ~*~*~tactically~*~*~ (stealth).
 49409 | Depths:3 | 49409 ||| Stepping ~*~*~tactically~*~*~ (hiding).
 49411 | Depths:3 | 49411 ||| Stepping ~*~*~tactically~*~*~ (hiding).
 49520 | Depths:3 | 49520 ||| Stepping ~*~*~tactically~*~*~ (hiding).
 49522 | Depths:3 | 49522 ||| Stepping ~*~*~tactically~*~*~ (hiding).
 49525 | Depths:3 | 49525 ||| INVOKING Heroism.
 49536 | Depths:3 | Identified the +10 morningstar of Imminent Death {pain,
                  | rPois rC+ Will+}
 49542 | Depths:3 | 49542 ||| Stepping ~*~*~tactically~*~*~ (hiding).
 49563 | Depths:3 | 49563 ||| Stepping ~*~*~tactically~*~*~ (hiding).
 49588 | Depths:3 | Identified the +2 pair of gloves of Light {rF+} (Okawaru
                  | gifted it to you on level 3 of the Depths)
 49588 | Depths:3 | Received a gift from Okawaru
 49631 | Depths:3 | 49631 ||| FLEEEEING.
 49687 | Depths:3 | 49687 ||| Stepping ~*~*~tactically~*~*~ (stealth).
 49757 | Depths:3 | Identified the +0 ring mail of Amorality {rC- rN+ Dex+3}
 49768 | Depths:3 | Noticed a golden dragon
 49771 | Depths:3 | 49771 ||| INVOKING Heroism.
 49772 | Depths:3 | 49772 ||| INVOKING Finesse.
 49785 | Depths:3 | Killed a golden dragon
 49804 | Depths:3 | 49804 ||| Stepping ~*~*~tactically~*~*~ (stealth).
 49806 | Depths:3 | 49806 ||| Stepping ~*~*~tactically~*~*~ (stealth).
 49828 | Depths:3 | 49828 ||| Stepping ~*~*~tactically~*~*~ (stealth).
 50302 | Depths:3 | Found a portal to a secret trove of treasure.
 50389 | Depths:3 | 50389 ||| UPGRADING to +2 pair of gloves of Light {rF+}.
 50399 | Depths:3 | 50399 ||| DROPPING +2 pair of gloves "Nanieg" {rElec
                  | Int+4}.
 50400 | Depths:3 | 50400 ||| UPGRADING to +0 cloak of Xuperroopp {Rampage
                  | *Corrode rC+ Dex+7}.
 50446 | Depths:4 | Entered Level 4 of the Depths
 50507 | Depths:4 | 50507 ||| Stepping ~*~*~tactically~*~*~ (hiding).
 50508 | Depths:4 | 50508 ||| Stepping ~*~*~tactically~*~*~ (hiding).
 50512 | Depths:4 | 50512 ||| INVOKING Heroism.
 50558 | Depths:4 | 50558 ||| Stepping ~*~*~tactically~*~*~ (stealth).
 50584 | Depths:4 | 50584 ||| Stepping ~*~*~tactically~*~*~ (hiding).
 50593 | Depths:4 | 50593 ||| FLEEEEING.
 50594 | Depths:4 | 50594 ||| FLEEEEING.
 50600 | Depths:4 | 50600 ||| FLEEEEING.
 50601 | Depths:4 | 50601 ||| FLEEEEING.
 50687 | Depths:4 | 50687 ||| Stepping ~*~*~tactically~*~*~ (hiding).
 50698 | Depths:4 | Reached skill level 9 in Dodging
 50700 | Depths:4 | 50700 ||| FLEEEEING.
 50701 | Depths:4 | 50701 ||| FLEEEEING.
 50822 | Depths:4 | Found a gate to the Realm of Zot.
 50822 | Depths:4 | Noticed a golden dragon
 50823 | Depths:4 | 50823 ||| Stepping ~*~*~tactically~*~*~ (hiding).
 50825 | Depths:4 | 50825 ||| INVOKING Heroism.
 50834 | Depths:4 | Killed a golden dragon
 50919 | Depths:4 | 50919 ||| Stepping ~*~*~tactically~*~*~ (hiding).
 50941 | Depths:4 | 50941 ||| INVOKING Heroism.
 51051 | Depths:4 | 51051 ||| Stepping ~*~*~tactically~*~*~ (stealth).
 51052 | Depths:4 | 51052 ||| Stepping ~*~*~tactically~*~*~ (stealth).
 51092 | Depths:4 | 51092 ||| INVOKING Heroism.
 51101 | Depths:4 | 51101 ||| Stepping ~*~*~tactically~*~*~ (hiding).
 51102 | Depths:4 | 51102 ||| Stepping ~*~*~tactically~*~*~ (stealth).
 51138 | Depths:4 | 51138 ||| Stepping ~*~*~tactically~*~*~ (hiding).
 51139 | Depths:4 | 51139 ||| Stepping ~*~*~tactically~*~*~ (hiding).
 51140 | Depths:4 | 51140 ||| Stepping ~*~*~tactically~*~*~ (hiding).
 51141 | Depths:4 | 51141 ||| Stepping ~*~*~tactically~*~*~ (hiding).
 51314 | Depths:4 | Found Ure Bywa's Jewellery Emporium.
 51316 | Depths:4 | 51316 ||| Stepping ~*~*~tactically~*~*~ (stealth).
 51336 | Depths:4 | Found Owileb's Book Shop.
 51338 | Depths:4 | Found Evesiy's Jewellery Emporium.
 51349 | Depths:4 | 51349 ||| BUYING ring of fire (400 gold).
 51349 | Depths:4 | Bought a ring of fire for 400 gold pieces
 51349 | Depths:4 | 51349 ||| BUYING ring of protection from fire (400 gold).
 51349 | Depths:4 | Bought a ring of protection from fire for 400 gold pieces
 51356 | Depths:4 | 51356 ||| SHOPLISTING +5 ring of evasion (648 gold, have
                  | 542).
 51537 | Depths:4 | Found Fohut's Weapon Shop.
 51827 | Depths:4 | 51827 ||| PLANNING VAULTS:5
 51827 | Depths:4 | 51827 ||| DROPPING +5 scale mail of the Solstice {*Slow
                  | rC++ rN+ MP+9}.
 51828 | Depths:4 | 51828 ||| DROPPING +0 fire dragon scales.
 51829 | Depths:4 | 51829 ||| DROPPING +1 chain mail of cold resistance.
 51830 | Depths:4 | 51830 ||| DROPPING +0 ice dragon scales.
 51831 | Depths:4 | 51831 ||| DROPPING +1 chain mail of fire resistance.
 51832 | Depths:4 | 51832 ||| UPGRADING to +0 cloak of willpower.
 51842 | Depths:4 | 51842 ||| DROPPING ring of fire.
 52146 | Vaults:5 | Entered Level 5 of the Vaults
 52154 | Vaults:5 | 52154 ||| STAIRDANCE
 52157 | Vaults:4 | Reached XP level 23. HP: 123/156 MP: 27/27
 52158 | Vaults:4 | Reached skill level 21 in Shields
 52244 | Vaults:5 | 52244 ||| INVOKING Heroism.
 52248 | Vaults:5 | Received a gift from Okawaru
 52253 | Vaults:5 | 52253 ||| INVOKING Finesse.
 52270 | Vaults:5 | Noticed a dread lich
 52271 | Vaults:5 | Noticed a golden dragon
 52279 | Vaults:5 | Killed a dread lich
 52285 | Vaults:5 | Noticed Boris
 52291 | Vaults:5 | Killed a golden dragon
 52295 | Vaults:5 | HP: 36/159 [frost giant/bolt of cold (53)]
 52296 | Vaults:5 | 52296 ||| READING 4 scrolls of teleportation.
 52299 | Vaults:5 | 52299 ||| READING 3 scrolls of teleportation.
 52300 | Vaults:5 | Blown up by Boris

Levels and vault maps discovered:
D:1:      dpeg_arrival_more_subterranean_lakeside_camping, layout_loops_cross,
          nicolae_hexahallways, lemuel_flame_loot_1
D:2:      layout_loops_cross, basic_altar, minmay_pentomino_p4, uniq_jessica,
          uniq_sigmund
D:3:      layout_loops_corners, minmay_misc_feat_iff, serial_bayou_pond_e,
          item_on_display_a, uniq_natasha
D:4:      layout_basic, okawaru_metal_pillars_1_2,
          minmay_temple_entry_offerings, kennysheep_small_circle
D:5:      layout_layer_cave, yredelemnul_forgotten_temple_becter
D:6:      layout_cave_pools
D:7:      minmay_polygon_palace, layout_rooms,
          nicolae_hepliaklqana_monster_ancestors, mrwooster_statue_mirror,
          serial_park_tiny_1, minmay_crossroads
D:8:      layout_rooms, chequers_serial_rivers_small_3, uniq_amaemon
D:9:      layout_rooms, grunt_lair_entry_orc_guard_hut, skrybe_limestone_x,
          uniq_pikel
D:10:     layout_roguey, nicolae_overflow_hidden_temple, david_orc_4,
          serial_bayou, serial_bayou_shore_a, serial_bayou_pond_c,
          serial_bayou_lake_a, serial_bayou_pond_e, minmay_parallelograms,
          uniq_grum
D:11:     layout_rooms, kb_lookout_dungeons_type
D:12:     layout_loops_ring, uniq_frances, uniq_gastronok
D:13:     layout_loops_ring, st_stairs_7, uniq_snorg
D:14:     layout_stronghold, david_vaults_1, serial_bayou,
          serial_bayou_lagoon_b, serial_bayou_pond_a, serial_bayou_lagoon_a,
          serial_bayou_shore_b, serial_bayou_ford_a, serial_bayou_crossing
D:15:     gammafunk_enter_depths_forms, layout_basic, grunt_dithmenos_shadows
Lair:1:   layout_long_grid, basic_altar, dreamdust_mushroom_princess
Lair:2:   layout_regular_city, minmay_lair_oklob_items, lemuel_oklob_altar,
          infiniplex_staircase_pool, grunt_megastairs_4, serial_bayou_shore_b,
          lemuel_fruit_tree
Lair:3:   layout_chaotic_city, nicolae_shoals_entry_roost,
          nicolae_snake_entry_squirm, gauntlet_entry_generic,
          grunt_megastairs_3, uniq_nessos
Lair:4:   layout_long_grid, gammafunk_ghost_icy, minivault_19
Lair:5:   gammafunk_lair_ancient_temple, layout_cellular_growth, slime_entry_1
Shoals:1: layout_shoals
Shoals:2: layout_shoals
Shoals:3: layout_shoals, serial_shops, shop, nicolae_shop_drivethru, shop,
          nicolae_stop_n_shop_2, uniq_ilsuiw, uniq_donald
Shoals:4: shoals_end_grunt_ice, layout_shoals, shoals_ilsuiw_alternative,
          serial_shops, nicolae_shop_rolled_up, uniq_polyphemus
Snake:1:  layout_onion, drop_trap, minmay_snake_pond, uniq_agnes
Snake:2:  layout_misc_corridors
Snake:3:  layout_grid_maze, serial_shops, nicolae_shop_tiny_glass, uniq_louise
Snake:4:  grunt_snake_rune_pools, layout_chambers, gammafunk_ghost_necromancy
Orc:1:    layout_caves, uniq_harold
Orc:2:    grunt_orc_gardens, layout_caves, grunt_orc_garden, grunt_orc_garden,
          grunt_orc_garden, grunt_orc_garden, serial_shops, bzr_entry_water,
          nicolae_volcano_entry_hallway
Vaults:1: gammafunk_ghost_arena, v_misc_13, hangedman_vaults_variations,
          v_misc_3, hangedman_vaults_nodes, ontoclasm_vaults_ring_small,
          vaults_room_ringed_pool, vaults_dpeg_doors, ontoclasm_vaults_bender,
          v_alt_pattern_5, layout_vaults_omnibox, uniq_aizul
Vaults:2: ontoclasm_vaults_idyll, nicolae_vaults_know_your_exits,
          nicolae_vaults_specimen_jars, v_rooms_5,
          nicolae_vaults_little_squares_6, nicolae_vaults_tetromino_T_2,
          v_misc_33, nicolae_vaults_big_ls, vaults_room_stairs_pillars,
          vaults_room_door_hall, v_alt_pattern_4, v_misc_27, layout_vaults_maze,
          serial_shops, bzr_entry_lakeside, uniq_margery
Vaults:3: vaults_room_door_ring, nicolae_vaults_wine_cellar,
          ontoclasm_vaults_gallery, nicolae_vaults_storage_room_doors,
          grunt_vaults_hallway_short, nicolae_vaults_what_the_h,
          ontoclasm_vaults_gateway, v_misc_8, vaults_mumra_lcd,
          nicolae_vaults_three_branches, vaults_room_stairs_pillars,
          layout_vaults_big_room
Vaults:4: nicolae_vaults_network_star, nicolae_vaults_quartermaster, v_misc_10,
          v_misc_33, vaults_dpeg_cross, nicolae_vaults_trapezoid_1,
          layout_vaults_omnigrid
Vaults:5: serial_shops
Depths:1: layout_gridlike, hellmouth_1, kennysheep_crisscross,
          nicolae_qazlal_general_emergency, grunt_megastairs_5
Depths:2: kennysheep_six_static_rooms, layout_gridlike, hangedman_decor_push,
          rand_demon_pan_entry_1, hell_entry, minmay_staircase_windowed_large
Depths:3: minmay_the_grid_square_5x5_3x3 [minmay_the_grid_square_5x5_comb,
          minmay_the_grid_square_5x5_misaligned,
          minmay_the_grid_square_5x5_six_small,
          minmay_the_grid_square_5x5_three,
          minmay_the_grid_square_5x5_megaprize_diamond,
          minmay_the_grid_square_5x5_plus, minmay_the_grid_square_5x5_corner,
          minmay_the_grid_square_5x5_doubleslash,
          minmay_the_grid_square_5x5_moneybag], layout_gridlike,
          enter_ziggurat_d, serial_shops, shop, hell_entry, abyss_entry,
          enter_trove_3, pan_entry, serial_bayou_shore_b,
          kennysheep_generic_room_3, uniq_boris
Depths:4: grunt_zot_entry_tricorne, layout_long_grid, serial_shops, shop,
          abyss_entry, grunt_hell_entry_dis_mu, minmay_misc_feat_doors,
          minmay_shop_grove

Skill      XL: |  1  2  3  4  5  6  7  8  9 10 11 12 13 14 15 16 17 18 19 20 21 22 23 |
---------------+----------------------------------------------------------------------+-----
Axes           | 2 3 5 6 7 8 9 10 11 13 15 16 17 18 | 18.0
Fighting       | 4 6 7 8 9 10 11 12 13 15 16 18 19 20 | 20.9
Dodging        | 1 2 3 4 5 7 8 9 |  9.0
Invocations    | 2 4 6 10 | 10.0
Throwing       | 1 2 4 6 7 8 9 11 | 11.0
Armour         | 4 5 7 8 9 10 11 12 13 14 16 17 18 20 | 20.0
Shields        | 4 5 6 7 10 13 15 17 18 19 20 21 | 21.0

Action                     |  1- 3 |  4- 6 |  7- 9 | 10-12 | 13-15 | 16-18 | 19-21 | 22-24 || total
---------------------------+-------+-------+-------+-------+-------+-------+-------+-------++-------
  Melee: War axe           |   126 |   119 |   227 |   377 |       |       |       |       ||   849
         Unarmed           |       |       |       |     8 |       |       |       |       ||     8
         Broad axe         |       |       |       |    82 |  1352 |  1298 |  1364 |   386 ||  4482
         Demon whip        |       |       |       |       |     6 |       |       |       ||     6
  Throw: Boomerang         |       |       |    78 |   117 |   183 |    57 |    72 |       ||   507
         Javelin           |       |       |       |       |     8 |    58 |   115 |    25 ||   206
 Invoke: Heroism           |       |       |    13 |    23 |    39 |    39 |    25 |    12 ||   151
         Finesse           |       |       |       |     3 |     6 |     5 |    11 |     2 ||    27
    Use: Scroll            |     2 |     3 |    11 |     5 |     9 |    10 |     5 |     8 ||    53
         Potion            |     2 |       |     6 |     1 |     8 |     8 |     4 |     6 ||    35
   Stab: Invisible         |       |       |       |    13 |       |       |       |       ||    13
         Petrified         |       |       |       |       |     3 |       |     8 |       ||    11
         Petrifying        |       |       |       |       |     1 |       |     1 |       ||     2
         Distracted        |       |       |       |       |       |       |     5 |    12 ||    17
 Armour: Scale mail        |    51 |    17 |       |       |       |       |       |       ||    68
         Chain mail        |       |    64 |   137 |     4 |       |       |       |       ||   205
         Plate armour      |       |       |       |   356 |   604 |   476 |   441 |   126 ||  2003
  Dodge: Dodged            |    60 |    32 |   102 |   181 |   538 |   462 |   347 |   136 ||  1858
  Block: Buckler           |    17 |    21 |    58 |   136 |   184 |       |       |       ||   416
         Kite shield       |       |       |       |       |   294 |   126 |       |       ||   420
         Tower shield      |       |       |       |       |       |   951 |   965 |   274 ||  2190

Table legend:
 A = Non-vault XP
 B = Vault XP
 C = Vault XP percentage of total XP
 D = Non-vault monster count
 E = Vault monster count
 F = Vault count percentage of total count
                 A         B        C        D         E       F
            +---------+---------+-------+---------+---------+-------
      Total |  450814 |  288147 |  39.0 |    1128 |     437 |  27.9
            +---------+---------+-------+---------+---------+-------
        D:1 |      57 |       0 |   0.0 |      32 |       0 |   0.0
        D:2 |      95 |     266 |  73.7 |      20 |       4 |  16.7
        D:3 |     368 |      35 |   8.7 |      31 |       1 |   3.1
        D:4 |     387 |     136 |  26.0 |      13 |       3 |  18.8
        D:5 |     489 |       1 |   0.2 |      15 |       1 |   6.2
        D:6 |     833 |       0 |   0.0 |      14 |       0 |   0.0
        D:7 |     806 |    1693 |  67.7 |      19 |      20 |  51.3
        D:8 |    2333 |    1202 |  34.0 |      46 |       2 |   4.2
        D:9 |    3245 |    1161 |  26.4 |      16 |       7 |  30.4
       D:10 |    2988 |    1296 |  30.3 |      37 |      21 |  36.2
       D:11 |    5377 |     115 |   2.1 |      15 |       1 |   6.2
       D:12 |    5327 |    2980 |  35.9 |      20 |       2 |   9.1
       D:13 |    7481 |    1509 |  16.8 |      16 |       2 |  11.1
       D:14 |    8516 |    2633 |  23.6 |      22 |       4 |  15.4
       D:15 |    8488 |    4819 |  36.2 |      17 |       9 |  34.6
     Lair:1 |    5291 |       0 |   0.0 |      26 |       0 |   0.0
     Lair:2 |    5795 |    3249 |  35.9 |      22 |       7 |  24.1
     Lair:3 |    5593 |    3167 |  36.2 |      20 |      11 |  35.5
     Lair:4 |    5530 |       0 |   0.0 |      30 |       0 |   0.0
     Lair:5 |    8142 |    3958 |  32.7 |      29 |      12 |  29.3
   Shoals:1 |    5297 |       0 |   0.0 |      13 |       0 |   0.0
   Shoals:2 |   18783 |       0 |   0.0 |      36 |       0 |   0.0
   Shoals:3 |   19434 |    5514 |  22.1 |      34 |       7 |  17.1
   Shoals:4 |    7497 |   28933 |  79.4 |      17 |      42 |  71.2
    Snake:1 |   13982 |    4702 |  25.2 |      30 |       6 |  16.7
    Snake:2 |   22103 |       0 |   0.0 |      48 |       0 |   0.0
    Snake:3 |    9431 |    1156 |  10.9 |      22 |       1 |   4.3
    Snake:4 |   20754 |   23598 |  53.2 |      44 |      32 |  42.1
      Orc:1 |    3691 |     876 |  19.2 |      40 |       1 |   2.4
      Orc:2 |    1663 |    9082 |  84.5 |      19 |      27 |  58.7
   Vaults:1 |   27022 |   18154 |  40.2 |      41 |      23 |  35.9
   Vaults:2 |   20785 |   35422 |  63.0 |      34 |      48 |  58.5
   Vaults:3 |   16844 |   15456 |  47.9 |      28 |      19 |  40.4
   Vaults:4 |   33127 |   24290 |  42.3 |      50 |      33 |  39.8
   Vaults:5 |    2441 |   34042 |  93.3 |       8 |      32 |  80.0
   Depths:1 |   33618 |    6243 |  15.7 |      39 |      10 |  20.4
   Depths:2 |   47108 |    6663 |  12.4 |      54 |      11 |  16.9
   Depths:3 |   30532 |   27331 |  47.2 |      38 |      22 |  36.7
   Depths:4 |   20620 |   18465 |  47.2 |      24 |      16 |  40.0
    Abyss:2 |   18941 |       0 |   0.0 |      49 |       0 |   0.0
            +---------+---------+-------+---------+---------+-------
